 Dungeon Crawl Stone Soup version 0.31.0-10-gcf4a605ca0 (webtiles) character file.

Game seed: 2854760383241889103

16240258 shadowrider38 the Conqueror (level 27, 377/377 HPs)
             Began as an Oni Summoner on Jan 25, 2024.
             Was the Champion of Hepliaklqana.
             Escaped with the Orb
             ... and 15 runes
             ... and 1 gem (intact)!
             The game lasted 03:55:30 (96524 turns).

shadowrider38 the Conqueror (Oni Summoner)         Turns: 96524, Time: 03:55:31

Health: 377/377    AC: 27    Str: 23    XL:     27
Magic:  50/50      EV: 11    Int: 32    God:    Hepliaklqana [******]
Gold:   9658       SH: 18    Dex:  8    Spells: 15/73 levels left

rFire   + . .        a - staff "Jellybane" {rElec rCorr Dex+4 Stlth+ Tloc Air}
rCold   + . .        z - +5 kite shield {rF+}
rNeg    + + +        N - melded +5 robe of Night {Dark Will+ SInv}
rPois   ∞            L - +0 hat of Fortitude {+Inv rN++ Dex-3 Stlth+}
rElec   +            u - scarf {rC+ rF+}
rCorr   +            (gloves unavailable)
SInv    .            (boots unavailable)
Will    +++..        W - amulet of Vitality {RegenMP++ Regen++}
Stlth   +            J - ring of Yntiyrgh {Wiz Int+3}
HPRegen 2.42/turn    P - ring of the Mage {Wiz Archmagi}
MPRegen 1.12/turn

%: wizardry (x2), archmagi
@: statue-form, studying 2 skills, very slow
A: slow and powerful, torment resistance 1, boosted hp, reduced essence, large,
unfitting armour, horns 1, (tough skin 1), double potion healing, drunken
brawling, hooves 1, clever 1, strong-willed 1, strong 1, wild magic 1, heat
vulnerability 1
0: Orb of Zot
}: 15/15 runes: barnacled, slimy, silver, golden, iron, obsidian, icy, bone,
abyssal, demonic, glowing, magical, fiery, dark, gossamer
a: Begin Untransformation, Renounce Religion, Evoke Invisibility, Recall
Ancestor, Ancestor Identity, Transference, Idealise


You escaped.
You worshipped Hepliaklqana.
Hepliaklqana was exalted by your worship.
You were a living statue of rough stone.
You visited 18 branches of the dungeon, and saw 88 of its levels.
You visited Pandemonium 2 times, and saw 11 of its levels.
You visited the Abyss 4 times.
You visited 2 bazaars.
You visited 1 ziggurat, and saw 15 of its levels.
You also visited: Bailey and Gauntlet.

You collected 14613 gold pieces.
You spent 4955 gold pieces at shops.

Inventory:

Missiles
 F - 9 curare-tipped darts
 Z - 5 throwing nets
Armour
 u - a scarf of resistance (worn)
 z - a +5 kite shield of fire resistance (worn)
 L - the +0 hat of Fortitude (worn) {+Inv rN++ Dex-3 Stlth+}
   (You found it on level 4 of the Spider Nest)

   Dex-3:     It affects your dexterity (-3).
   rN++:      It greatly protects you from negative energy.
   +Inv:      It lets you turn invisible.
   Stlth+:    It makes you more stealthy.
 N - the +5 robe of Night (melded) {Dark Will+ SInv}
   (You found it on level 14 of the Dungeon)

   Dark:      It shrouds the wearer in darkness, reducing the range at which
   they can see and be seen by others.
   Will+:     It increases your willpower.
   SInv:      It lets you see invisible.
Magical Staves
 a - the staff "Jellybane" (weapon) {rElec rCorr Dex+4 Stlth+ Tloc Air}
   (You found it in a Gauntlet)

   [staff of air]

   Base accuracy: +5 Base damage: 5 Base attack delay: 1.2 This weapon's minimum
   attack delay (0.6) is reached at skill level 12.
   Dex+4:     It affects your dexterity (+4).
   rElec:     It insulates you from electricity.
   rCorr:     It protects you from acid and corrosion.
   Stlth+:    It makes you more stealthy.
   Tloc:      It increases the power of your Translocations spells.
   Air:       It increases the power of your Air spells.
   It falls into the 'Staves' category.
   It is a one-handed weapon.
 b - a staff of cold
Jewellery
 f - a ring of protection from fire
 m - a ring of willpower
 p - the ring of Piownigeych {+Blink rPois rCorr EV+5 SInv}
   (You found it on level 5 of the Pits of Slime)

   [ring of evasion]

   EV+5:      It affects your evasion (+5).
   rPois:     It protects you from poison SInv: It lets you see invisible.
   +Blink:    It lets you blink.
   rCorr:     It protects you from acid and corrosion.
 r - the ring of Siynt {rC+++ MP+9 Int-3 Dex+8}
   (You found it on level 15 of the Dungeon)

   [ring of magical power]

   Int-3:     It affects your intelligence (-3).
   Dex+8:     It affects your dexterity (+8).
   rC+++:     It renders you almost immune to cold.
   MP+9:      It affects your magic capacity (+9).
 J - the ring of Yntiyrgh (left fist) {Wiz Int+3}
   (You took it off a vault guard on level 5 of the Vaults)

   [ring of wizardry]

   Wiz:       It improves your spell success rate.
   Int+3:     It affects your intelligence (+3).
 P - the ring of the Mage (right fist) {Wiz Archmagi}
   (You found it on level 7 of Cocytus)

   [ring of wizardry]

   Wiz:       It improves your spell success rate.
   Archmagi:  It increases the power of your magical spells.
 R - the ring "Jilehu" {Fly rC- Will+ MP+9 AC+4}
   (You found it on level 13 of a ziggurat)

   [ring of protection]

   AC+4:      It affects your AC (+4).
   rC-:       It makes you vulnerable to cold.
   Will+:     It increases your willpower.
   MP+9:      It affects your magic capacity (+9).
   Fly:       It grants you flight.
 W - the amulet of Vitality (around neck) {RegenMP++ Regen++}
   (You bought it in a shop on level 2 of the Depths)

   [amulet of magic regeneration]

   RegenMP:   It increases your rate of magic regeneration.
   Regen++:   It increases your rate of health regeneration.
Talismans
 w - a granite talisman (active)
Wands
 d - a wand of light (23)
 D - a wand of digging (27)
 I - a wand of iceblast (100)
Scrolls
 c - 3 scrolls of torment
 g - a scroll of summoning
 j - 15 scrolls of vulnerability
 k - 2 scrolls of amnesia
 l - 8 scrolls of poison
 n - 9 scrolls of fog
 t - 7 scrolls of immolation
 B - 3 scrolls of blinking
 M - 6 scrolls of fear
 S - 4 scrolls of silence {!r}
 T - 34 scrolls of teleportation
 X - 7 scrolls of enchant armour
Potions
 e - 9 potions of lignification
 h - 3 potions of heal wounds
 i - 11 potions of attraction
 q - 6 potions of magic
 s - 13 potions of ambrosia
 v - a potion of invisibility
 x - 2 potions of resistance
 y - 9 potions of mutation
 C - 7 potions of might
 E - 2 potions of brilliance
 G - 3 potions of enlightenment
 H - 11 potions of haste
 Q - 14 potions of curing
 V - 6 potions of cancellation
Miscellaneous
 A - a lightning rod (4/4)
 K - a phantom mirror
 O - a condenser vane
 U - a phial of floods
 Y - a figurine of a ziggurat


   Skills:
 O Level 27 Fighting
 - Level 10.0 Dodging
 - Level 1.4 Stealth
 - Level 18.0 Shields
 - Level 23.8 Spellcasting
 + Level 24.7 Conjurations
 - Level 10.0 Summonings
 - Level 20.2 Fire Magic
 O Level 27 Ice Magic
 - Level 20.2 Air Magic
 - Level 11.0 Alchemy
 - Level 13.0 Evocations
 - Level 16.0 Shapeshifting


You had 15 spell levels left.
You knew the following spells:

 Your Spells              Type           Power      Damage    Failure   Level
a - Ozocubu's Refrigerat  Ice            80%        4d25      1%          7
b - Polar Vortex          Ice            80%        12d10*    1%          9
c - Ignition              Fire           72%        3d19      1%          8
d - Maxwell's Capacitive  Air            85%        ∞         1%          8
e - Blink                 Tloc           100%       N/A       1%          2
f - Vhi's Electric Charg  Tloc/Air       100%       N/A       1%          4
g - Plasma Beam           Fire/Air       85%        2x1d104   1%          6
h - Chain Lightning       Conj/Air       88%        3d118     4%          9
r - Irradiate             Conj/Alch      69%        3d34      1%          5

Your spell library contained the following spells:

 Spells                   Type           Power      Damage    Failure   Level
 Foxfire                  Conj/Fire      100%       2x1d9     1%          1
 Freeze                   Ice            100%       1d10      1%          1
 Kiss of Death            Conj/Necr      100%       2d13      1%          1
 Magic Dart               Conj           100%       1d8       1%          1
 Sandblast                Erth           100%       2d20      1%          1
 Shock                    Conj/Air       100%       1d9       1%          1
 Sting                    Conj/Alch      100%       1d9       1%          1
 Summon Small Mammal      Summ           100%       N/A       1%          1
 Call Imp                 Summ           100%       N/A       1%          2
 Cigotuvi's Dreadful Rot  Necr/Alch/Air  100%       N/A       1%          2
 Ensorcelled Hibernation  Hex/Ice        100%       N/A       1%          2
 Lesser Beckoning         Tloc           100%       N/A       1%          2
 Mercury Vapours          Alch/Air       100%       N/A       1%          2
 Momentum Strike          Conj/Tloc      100%       3d10      1%          2
 Scorch                   Fire           100%       2d9       1%          2
 Searing Ray              Conj           100%       2d8       1%          2
 Call Canine Familiar     Summ           100%       N/A       1%          3
 Confusing Touch          Hex            65%        N/A       1%          3
 Dazzling Flash           Conj/Hex       100%       N/A       1%          3
 Frozen Ramparts          Ice            100%       1d16      1%          3
 Fugue of the Fallen      Necr           65%        N/A       1%          3
 Gell's Gravitas          Tloc           84%        N/A       1%          3
 Hailstorm                Conj/Ice       100%       3d16      1%          3
 Inner Flame              Hex/Fire       100%       N/A       1%          3
 Mephitic Cloud           Conj/Alch/Air  100%       N/A       1%          3
 Ozocubu's Armour         Ice            100%       N/A       1%          3
 Passwall                 Erth           65%        N/A       1%          3
 Sigil of Binding         Hex            65%        N/A       1%          3
 Stone Arrow              Conj/Erth      100%       3d13      1%          3
 Summon Ice Beast         Ice/Summ       100%       N/A       1%          3
 Swiftness                Air            100%       N/A       1%          3
 Teleport Other           Tloc           84%        N/A       1%          3
 Tukima's Dance           Hex            65%        N/A       1%          3
 Volatile Blastmotes      Fire/Tloc      100%       2d18      1%          3
 Airstrike                Air            85%        2d(13-29) 1%          4
 Animate Armour           Summ/Erth      100%       N/A       1%          4
 Brom's Barrelling Bould  Conj/Erth      100%       2d11      1%          4
 Flame Wave               Conj/Fire      100%       2d21      1%          4
 Fulminant Prism          Conj/Alch      69%        3d28      1%          4
 Ignite Poison            Fire/Alch      100%       N/A       1%          4
 Iskenderun's Mystic Bla  Conj/Tloc      100%       2d19      1%          4
 Leda's Liquefaction      Alch/Erth      48%        N/A       1%          4
 Martyr's Knell           Necr/Summ      95%        N/A       1%          4
 Olgreb's Toxic Radiance  Alch           100%       N/A       1%          4
 Petrify                  Alch/Erth      97%        N/A       1%          4
 Sticky Flame             Fire/Alch      100%       2d15      1%          4
 Summon Blazeheart Golem  Fire/Summ      100%       N/A       1%          4
 Summon Lightning Spire   Summ/Air       100%       N/A       1%          4
 Alistair's Intoxication  Alch           79%        N/A       1%          5
 Arcjolt                  Conj/Air       88%        1d98      1%          5
 Freezing Cloud           Conj/Ice/Air   90%        6-21      1%          5
 Iskenderun's Battlesphe  Conj           100%       2d15      1%          5
 Metabolic Englaciation   Hex/Ice        63%        N/A       1%          5
 Summon Forest            Summ/Tloc      58%        N/A       1%          5
 Summon Mana Viper        Hex/Summ       95%        N/A       1%          5
 Yara's Violent Unravell  Hex/Alch       48%        3d19      1%          5
 Bombard                  Conj/Erth      61%        9d10      1%          6
 Conjure Ball Lightning   Conj/Air       88%        3x3d33    1%          6
 Eringya's Noxious Bog    Alch           59%        4d6       1%          6
 Sculpt Simulacrum        Ice/Alch       71%        N/A       1%          6
 Starburst                Conj/Fire      75%        6d19      1%          6
 Summon Cactus Giant      Summ           57%        N/A       1%          6
 Orb of Destruction       Conj           77%        9d17      1%          7
 Spellforged Servitor     Conj/Summ      69%        N/A       1%          7
 Anguish                  Hex/Necr       32%        N/A       4%          4
 Animate Dead             Necr           65%        N/A       4%          4
 Dimensional Bullseye     Hex/Tloc       42%        N/A       4%          4
 Dispel Undead            Necr           65%        3d22      4%          4
 Manifold Assault         Tloc           84%        N/A       4%          4
 Fire Storm               Conj/Fire      75%        8d19      4%          9
 Monstrous Menagerie      Summ           57%        N/A       5%          7
 Summon Hydra             Summ           57%        N/A       5%          7
 Borgnjor's Vile Clutch   Necr/Erth      32%        N/A       10%         5
 Curse of Agony           Necr           65%        N/A       10%         5
 Lee's Rapid Deconstruct  Erth           32%        3d17*     10%         5
 Lehudib's Crystal Spear  Conj/Erth      61%        10d14     14%         8
 Haunt                    Necr/Summ      47%        N/A       32%         7
 Summon Horrible Things   Summ           57%        N/A       32%         8
 Death Channel            Necr           32%        N/A       41%         6
 Dispersal                Tloc           42%        N/A       41%         6
 Borgnjor's Revivificati  Necr           32%        N/A       100%        8
 Discord                  Hex            32%        N/A       100%        8
 Disjunction              Tloc           42%        N/A       100%        8
 Infestation              Necr           32%        N/A       100%        8
 Death's Door             Necr           32%        N/A       100%        9
 Shatter                  Erth           32%        3d26*     100%        9
 Sublimation of Blood     Necr           Unusable   N/A       N/A         2

Dungeon Overview and Level Annotations

Branches:
Dungeon (15/15)            Temple (1/1) D:5            Lair (5/5) D:11
 Shoals (4/4) Lair:2       Spider (4/4) Lair:3        Slime (5/5) Lair:5
    Orc (2/2) D:9             Elf (3/3) Orc:2        Vaults (5/5) D:13
  Crypt (3/3) Vaults:2       Tomb (3/3) Crypt:3      Depths (4/4) D:15
   Hell (visited)             Dis (7/7) Hell            Geh (7/7) Hell
    Coc (7/7) Hell            Tar (7/7) Hell            Zot (5/5) Depths:4
 Bailey (visited)         Gauntlet (visited)

Altars:
Ashenzari
Cheibriados
Dithmenos
Elyvilon
Fedhas
Gozag
Hepliaklqana
Kikubaaqudgha
Makhleb
Nemelex Xobeh
Okawaru
Qazlal
Ru
Sif Muna
Trog
Uskayaw
Vehumet
Wu Jian
Xom
Yredelemnul
Zin
The Shining One
Jiyva

Shops:
D:7 ?[[!   D:9 ([(   D:10 :   Orc:2 *?=?   Shoals:2 [   Depths:1 :   Depths:2 =
Depths:4 (

Portals:
Hell: Depths:1 Depths:2 Depths:3 Depths:4
Abyss: Depths:3 Depths:4
Pandemonium: Depths:2 Depths:3
Trove: D:13 (give 8 scrolls of fear)

Annotations:
D:4 exclusion: downstairs
D:8 exclusion: downstairs
D:10 exclusion: 2 downstairs
D:13 exclusion: 2 downstairs
Lair:2 exclusion: downstairs
Lair:3 exclusion: 2 downstairs
Shoals:1 exclusion: downstairs, Roxanne
Elf:2 3 runed translucent doors
Crypt:2 exclusion: 2 downstairs
Depths:1 exclusion: downstairs
Zot:5 3 runed translucent doors, exclusion: orange crystal statue, tevo3000's ghost, master MiFi


Innate Abilities, Weirdness & Mutations

You are a living statue of rough stone.
Your actions are slow, but your melee attacks are powerful.
You are resistant to unholy torment.
Your maximum health is greatly increased.
Your equipment is partially melded.
Your life essence is reduced to manifest your ancestor. (-10% HP)
You are too large for most types of armour.
You are immune to poison.
You have a pair of small horns on your head.
((You have tough skin. (AC +1)))
You gain doubled healing and magic from potions.
Whenever you drink a healing potion, you attack all around you.
You have large cloven feet.
Your mind is acute. (Int +4, Str/Dex -1)
You are strong-willed. (Will+)
Your muscles are strong. (Str +4, Int/Dex -1)
Your spells are a little harder to cast, but a little more powerful.
You are vulnerable to heat. (rF-)


Message History

The rakshasa weaves an illusion.
The ice beast shimmers and seems to become two!
The rakshasa blinks!
You kill the ice beast!
The ice beast shimmers and vanishes!
You feel a bit more experienced.
The winds around you start to calm down.
You float gracefully downwards.
Splash!
You fall into the shallow water.
You are engulfed in whirling frost.
The winds around you calm down.
Items here: )) [[.
What level of the Dungeon? (default 1, ? - help)
A demonic crawler comes into view.
There is a stone staircase leading up here.
You climb upwards.
There is a stone staircase leading down here.
What level of the Dungeon? (default 1, ? - help)
There is a stone staircase leading up here.
You climb upwards.
There is a stone staircase leading down here.
An Alo Zohuynk and an ice devil come into view.
There is a stone staircase leading up here.
You climb upwards.
There is a stone staircase leading down here.
What level of the Dungeon? (default 1, ? - help)
There is a stone staircase leading up here.
You climb upwards.
Level annotation: exclusion: downstairs
There is a stone staircase leading down here.
There is a stone staircase leading up here.
You climb upwards.
There is a stone staircase leading down here.
There is a stone staircase leading down here.
There is a stone staircase leading up here.
You climb upwards.
There is a stone staircase leading down here.
A hellion comes into view.
The hellion gestures at you.
The sphere of damnation explodes!
The damnation engulfs you!!
There is a stone staircase leading up here.
You climb upwards.
There is a stone staircase leading down here.
What level of the Dungeon? (default 1, ? - help) You're already here!
Unknown command.
There is a large open door here.
There is a large open door here.
There is a staircase leading out of the dungeon here.
You have escaped!

#.# #.#...##.##.....#..#
#.#
#.######.#.####.##..⌠..#..#
#.# #.#....#...#
#.##.....#..# #.#
#.#....#[.## #.##..8..+..#
#.# #.#....#.##
#.##.....#### #.#
#........# #.#####+## #.#
#........# #'####...# #.#
#.....÷..# #...##...# #.#
.........# #.8.''.>.# #.#
.........# #...##...# #.#
.........# ######...# #.#
.........#
########...########.#
..#####..#
#...................#
.....#...#
#.###################
####....># #.# ###...####.#
#.........#


There were no monsters in sight!

Vanquished Creatures
  Cerebov (Pan)
  Antaeus (Coc:7)
  Asmodeus (Geh:7)
  Ereshkigal (Tar:7)
  Gloorx Vloq (Pan)
  Mnoleg (Pan)
  the Royal Jelly (Slime:5)
  Lom Lobon (Pan)
  the Serpent of Hell (Dis:7)
  Khufu (Tomb:3)
  4 dread liches
  Frederick (Vaults:4)
  Dispater (Dis:7)
  3 ancient liches
  A juggernaut (Depths:2)
  28 royal mummies
  Vv (Zot:2)
  Saint Roka (Vaults:1)
  6 shard shrikes
  3 curse toes
  25 caustic shrikes
  Geryon (Hell)
  2 golden dragons
  9 profane servitors
  13 bone dragons
  the Enchantress (Depths:2)
  15 Brimstone Fiends
  16 hellephants
  17 Tzitzimimeh
  12 doom hounds
  An electric golem (Zot:5)
  6 spectral shard shrikes
  22 Ice Fiends
  A shard shrike zombie (Tomb:3)
  3 pandemonium lords
  5 iron giants
  25 Hell Sentinels
  12 Orb Guardians
  7 liches
  Rupert (D:15)
  14 tainted leviathans
  8 tentacled monstrosities
  A quicksilver dragon (Vaults:5)
  13 titans
  5 deep elf blademasters
  9 sphinxes
  2 deep elf master archers (Elf:3)
  13 acid blobs
  15 Executioners (Pan)
  13 searing wretches
  2 krakens
  22 ancient champions
  2 tentacled starspawn
  7 storm dragons
  4 death cobs
  Kirke (D:14)
  Frances (D:13)
  A shadow dragon (Vaults:5)
  2 tengu reavers
  Ilsuiw (Shoals:2)
  3 rockslimes (Slime:5)
  A fenstrider witch (Pan)
  The ghost of Witt the Fighter, an adept GrFi of Ashenzari (Shoals:2)
  12 narguns
  6 protean progenitors
  4 revenants
  2 nagarajas
  2 draconian knights (Zot:4)
  2 draconian monks (Zot:4)
  5 emperor scorpions
  6 demonspawn warmongers (Pan)
  A draconian shifter (Depths:4)
  12 azure jellies
  9 quicksilver elementals
  2 deep elf sorcerers (Elf:3)
  2 spectral juggernauts
  16 fire giants
  11 vault wardens
  31 balrugs
  2 deep elf elementalists (Elf:3)
  10 ghost moths
  4 draconian scorchers
  A juggernaut zombie (Crypt:3)
  6 frost giants
  3 orc warlords
  4 demonspawn corrupters (Pan)
  5 cacodemons
  5 spectral caustic shrikes
  8 ironbound preservers
  2 draconian stormcallers
  4 ghouls
  8 shard shrike simulacra
  20 reapers
  3 juggernaut skeletons
  5 draconian annihilators
  2 curse skulls
  2 spriggan defenders (Depths:2)
  7 quicksilver oozes
  An ironbound thunderhulk (Vaults:4)
  10 stone giants
  11 very ugly things
  2 broodmothers
  A caustic shrike skeleton (Pan)
  7 bennus
  4 formless jellyfish
  3 demonspawn blood saints (Pan)
  8 vampire knights
  8 green draconians
  4 white draconians
  4 deep elf demonologists (Elf:3)
  3 purple draconians
  23 elemental wellsprings
  2 demonspawn black suns (Pan)
  3 spectral titans
  12 black draconians
  8 red draconians
  23 war gargoyles
  A halazid warlock (Hell)
  4 deep elf annihilators
  4 dire elephants
  A lorocyproca (Hell)
  19 putrid mouths
  A spark wasp (Zot:4)
  9 wendigos
  A minotaur (Gauntlet)
  Snorg (Lair:3)
  7 deep elf death magi
  16 iron golems
  6 yellow draconians
  11 blizzard demons
  14 eidola
  4 spectral quicksilver dragons
  12 ettins
  7 merfolk impalers
  3 green deaths
  9 merfolk javelineers
  3 fire dragons
  A kraken zombie (Crypt:1)
  A spectral iron giant (Tar:5)
  A crystal guardian (Vaults:4)
  6 spectral spriggans
  3 entropy weavers
  15 mummy priests
  A shambling mangrove (Abyss:3)
  6 yaktaur captains
  5 deep elf high priests
  A quicksilver dragon skeleton (Crypt:2)
  6 rakshasas
  2 hell beasts (Geh:6)
  A spectral shadow dragon (Tar:1)
  6 jorogumos
  4 ice dragons
  14 great orbs of eyes
  A spectral tengu (Tar:2)
  A spectral stone giant (Tar:5)
  14 caustic shrike simulacra
  15 salamander tyrants
  2 peacekeepers (Vaults:4)
  30 vault guards
  An anaconda (Zig:4)
  An ogre mage (Vaults:5)
  7 spriggan air magi
  5 catoblepae
  2 ghost crabs (Abyss:3)
  A spriggan skeleton (Zig:13)
  2 merfolk avatars
  4 ironbound frosthearts
  A radroach (Zig:6)
  7 merfolk aquamancers
  A boulder beetle (Zig:8)
  A juggernaut simulacrum (Coc:5)
  15 dancing weapons
  A bennu zombie (Crypt:2)
  2 stokers
  A two-headed ogre (Zig:12)
  2 hydras
  5 satyrs
  5 death knights
  14 death yaks
  8 demonic crawlers
  3 deep troll shamans
  A tengu warrior (Depths:2)
  117 death scarabs
  6 deep troll earth magi
  43 hell hogs
  A naga warrior (Zig:4)
  A titan zombie (Tomb:3)
  2 vampire magi
  19 hell knights
  2 spectral dire elephants
  3 spectral storm dragons (Crypt:3)
  6 orc high priests
  A shock serpent (shapeshifter) (Vaults:5)
  A wretched star (Abyss:3)
  7 crystal echidnas
  A fire crab (Abyss:3)
  9 soul eaters
  6 spriggan berserkers
  37 sun demons
  7 deep elf knights
  15 shadow wraiths
  2 hellephant skeletons (Pan)
  5 iron trolls
  A spectral catoblepas (Gauntlet)
  7 sixfirhies
  4 pharaoh ants
  2 skysharks
  An iron giant zombie (Tomb:3)
  7 sea snakes
  16 skeletal warriors
  4 flayed ghosts
  6 sun moths
  2 spectral hydras
  8 glowing orange brains
  30 deep trolls
  3 quicksilver dragon simulacra
  12 shadow demons
  4 arcanists
  2 glowing orange brains (shapeshifter) (Vaults:1)
  A spectral bunyip (Tar:2)
  A spriggan druid (Zig:14)
  12 harpies
  2 spriggan simulacra
  4 orb spiders
  4 spectral anacondas
  A lindwurm (Vaults:3)
  An anaconda skeleton (Hell)
  A fenstrider witch simulacrum (Crypt:3)
  13 necromancers
  10 ironbound convokers
  10 deep elf archers
  4 steelbarb worms
  12 deep elf pyromancers
  12 deep elf zephyrmancers
  5 orc sorcerers
  6 orc knights
  11 phantasmal warriors
  A tengu skeleton (Zig:13)
  An alligator zombie (Hell)
  A frost giant zombie (Depths:2)
  An iron dragon zombie (Crypt:3)
  2 spectral ettins (Tar:4)
  15 wolf spiders
  11 shining eyes
  2 worldbinders
  27 ugly things
  3 cyclopes
  A spectral centaur (Tar:1)
  An alligator skeleton (Crypt:3)
  14 moths of wrath
  3 fauns
  8 manticores
  3 iron dragon skeletons
  13 vault sentinels
  A guardian serpent (Zig:4)
  5 merfolk sirens
  A black mamba (Zig:14)
  A salamander (Zig:4)
  6 water nymphs
  5 meliai
  6 orange demons (Pan)
  3 elephants (Lair:5)
  3 dire elephant zombies
  3 kobold blastminers
  14 smoke demons
  10 molten gargoyles
  A pale draconian zombie (Crypt:2)
  7 torpor snails
  10 large abominations
  3 apocalypse crabs (Abyss:3)
  2 titan simulacra
  A naga mage (Zig:4)
  4 eyes of devastation
  An ice statue (Hell)
  A kobold demonologist (D:12)
  7 cane toads (Zig:14)
  A gargoyle (D:12)
  A dire elephant skeleton (Tomb:2)
  41 hellions
  16 tormentors
  4 efreet
  6 komodo dragons
  4 rime drakes
  20 freezing wraiths
  2 tengu conjurers
  20 yaktaurs
  A catoblepas skeleton (Crypt:1)
  58 guardian mummies
  A polar bear (Lair:5)
  3 iron giant simulacra
  5 anaconda simulacra
  2 ice devils
  6 spectral nagas
  4 hydra zombies (Hell)
  4 red devils
  2 silent spectres
  7 spectral harpies
  2 red draconian skeletons
  A troll (Zig:12)
  17 merfolk
  10 tarantellas
  A hydra skeleton (Crypt:3)
  A hornet (shapeshifter) (Elf:3)
  9 hornets
  12 hellwings
  A harpy skeleton (Crypt:1)
  A glass eye (shapeshifter) (Vaults:5)
  An iron dragon simulacrum (Coc:7)
  4 glass eyes
  4 blink frogs
  11 wind drakes
  7 snapping turtles
  3 dream sheep
  A guardian serpent zombie (Crypt:1)
  An ettin zombie (Crypt:2)
  A snapping turtle (shapeshifter) (Vaults:5)
  2 stone giant simulacra
  A dream sheep (shapeshifter) (Vaults:5)
  48 slime creatures
  11 jumping spiders
  5 air elementals
  A centaur simulacrum (Crypt:3)
  An ice dragon skeleton (Crypt:3)
  15 culicivoras
  A spectral black mamba (Tar:2)
  8 ynoxinuls
  A wyvern (Zig:14)
  22 yaks
  15 ushabtiu
  5 spriggans
  5 wraiths
  2 fire elementals
  26 water elementals
  3 fire bats (Pan)
  A hog (D:14)
  2 wargs (Orc:2)
  4 basilisks (Zot:4)
  An alligator snapping turtle simulacrum (Coc:3)
  8 dire elephant simulacra
  25 redbacks
  5 neqoxecs
  16 golden eyes
  2 spatial vortices (Abyss:2)
  12 harpy simulacra
  8 chaos spawn
  A skyshark zombie (Crypt:3)
  2 hydra simulacra
  A deep troll zombie (Tomb:3)
  7 water moccasins
  A naga skeleton (Crypt:1)
  24 orc warriors
  An ice beast (D:8)
  A sky beast (D:8)
  A merfolk simulacrum (Crypt:2)
  23 laughing skulls
  4 ogres
  4 small abominations
  A wolf (Lair:5)
  9 boggarts
  3 ettin simulacra
  A lindwurm skeleton (Crypt:2)
  2 centaurs
  A rime drake zombie (Crypt:2)
  2 bullfrogs (D:7)
  A brain worm (Abyss:2)
  A human zombie (Vaults:4)
  5 necrophages
  2 earth elementals
  A human simulacrum (Depths:2)
  An elf skeleton (Crypt:3)
  An electric eel (Bailey)
  A bombardier beetle (D:5)
  A hound (D:5)
  4 orc priests
  An iguana (D:5)
  A basilisk skeleton (Crypt:2)
  A hell rat (Lair:4)
  4 orc wizards
  A tengu zombie (Crypt:3)
  An ogre skeleton (Crypt:2)
  59 mummies
  A ribbon worm zombie (Crypt:2)
  10 orcs
  A goblin (D:4)
  2 hobgoblins
  A jackal (D:1)
  2 quokkas
  A ball python (D:1)
  2 bats (D:2)
  A gnoll skeleton (Crypt:1)
  6 aspiring fleshes
  3 ball lightnings (Pan)
  11 creeping infernos
  37 fire vortices
  4 starspawn tentacles
  2 tentacles
2637 creatures vanquished.

Vanquished Creatures (collateral kills)
  A dread lich (Vaults:4)
  An ancient lich (Tar:7)
  A juggernaut (Depths:4)
  9 royal mummies
  Bai Suzhen (Vaults:4)
  Boris (Vaults:3)
  3 caustic shrikes
  4 golden dragons
  A profane servitor (Abyss:3)
  A bone dragon (Depths:4)
  7 Tzitzimimeh
  2 Brimstone Fiends (Pan)
  4 iron giants
  2 hellephants
  4 tentacled monstrosities
  5 Hell Sentinels
  A tainted leviathan (Tar:7)
  Jorgrun (D:15)
  2 Orb Guardians (Zot:5)
  3 Ice Fiends (Zig:10)
  A walking frostbound tome (Zig:10)
  7 liches
  2 pandemonium lords
  3 titans
  Asterion (Vaults:1)
  4 sphinxes
  9 acid blobs
  A quicksilver dragon (Depths:3)
  Polyphemus (Shoals:4)
  2 death cobs
  6 ancient champions
  A tentacled starspawn (Abyss:3)
  2 storm dragons
  5 Executioners (Pan)
  5 shadow dragons
  A demonspawn warmonger (Pan)
  6 revenants
  5 azure jellies (Slime:5)
  2 tengu reavers
  2 draconian knights
  4 quicksilver elementals
  An iron dragon (Vaults:5)
  2 fire giants (Vaults:5)
  A deep elf sorcerer (Elf:3)
  7 rockslimes
  3 ghost moths
  7 frost giants
  3 emperor scorpions
  2 draconian shifters
  2 protean progenitors
  2 vault wardens
  A deep elf elementalist (Elf:3)
  3 draconian scorchers
  A ghoul (Crypt:1)
  2 caustic shrike zombies (Crypt:1)
  3 cacodemons (Pan)
  7 balrugs
  A curse skull (Pan)
  An orc warlord (Orc:2)
  8 reapers (Pan)
  A juggernaut zombie (Zig:13)
  2 demonspawn corrupters (Pan)
  2 juggernaut skeletons
  A broodmother (Zig:6)
  10 stone giants
  An ironbound thunderhulk (Vaults:4)
  2 demonspawn blood saints (Pan)
  11 very ugly things
  2 caustic shrike skeletons (Pan)
  3 quicksilver oozes (Slime:5)
  7 ironbound preservers
  2 spriggan defenders (Depths:2)
  6 formless jellyfish
  3 demonspawn black suns
  6 deep elf death magi (Elf:3)
  A vampire knight (Depths:1)
  A putrid mouth (Tar:7)
  4 deep elf demonologists
  3 black draconians
  2 green draconians
  A bennu (Tomb:2)
  A red draconian (Zot:1)
  A purple draconian (Depths:4)
  2 lorocyprocas
  A spectral titan (Crypt:3)
  2 war gargoyles
  A dire elephant (Vaults:3)
  5 spark wasps
  6 blizzard demons
  6 iron golems (Dis:5)
  2 mummy priests
  3 ettins
  4 eidola
  4 merfolk impalers
  A merfolk javelineer (Shoals:4)
  A quicksilver dragon zombie (Depths:2)
  2 green deaths (Pan)
  5 jiangshi
  2 entropy weavers
  3 great orbs of eyes
  Josephine (D:10)
  5 fire dragons
  3 yaktaur captains
  2 catoblepae
  3 ice dragons
  7 rakshasas
  Fannar (D:11)
  2 spriggan skeletons
  3 spriggan air magi
  9 vault guards
  2 hydras
  4 centaur warriors
  2 death knights
  5 merfolk aquamancers
  A merfolk avatar (Shoals:1)
  An alligator snapping turtle (Shoals:4)
  2 two-headed ogres
  5 ironbound frosthearts
  2 fenstrider witch skeletons (Crypt:1)
  A satyr (D:14)
  A sphinx skeleton (Zig:11)
  2 dancing weapons (Zig:11)
  3 boulder beetles
  A deep troll earth mage (Vaults:5)
  13 death yaks
  2 death scarabs
  A deep troll shaman (Depths:2)
  A titan zombie (Depths:2)
  2 orc high priests (Orc:2)
  2 demonic crawlers
  2 spriggan berserkers
  A storm dragon zombie (Zig:13)
  2 crystal echidnas (Dis:5)
  3 vampire magi
  5 hell knights
  An occultist (Abyss:3)
  6 deep elf knights
  3 soul eaters (Pan)
  4 pharaoh ants
  3 sixfirhies (Pan)
  2 spectral nagas (Crypt:3)
  11 shadow wraiths
  A skyshark (Lair:5)
  A titan skeleton (Crypt:1)
  13 sun demons
  A fire crab (Abyss:3)
  7 sea snakes
  A spatial maelstrom (Abyss:2)
  6 skeletal warriors
  An iron troll (Depths:2)
  Lodul (D:14)
  7 shadow demons (Pan)
  A spectral anaconda (Crypt:3)
  3 flayed ghosts
  4 glowing orange brains
  2 spectral hydras
  25 deep trolls
  3 orb spiders
  3 arcanists
  8 ironbound convokers
  3 sun moths (Pan)
  5 deep elf archers
  13 harpies
  15 deep elf zephyrmancers
  A tengu zombie (Vaults:4)
  2 lindwurms (Vaults:1)
  2 necromancers
  9 phantasmal warriors
  13 deep elf pyromancers
  A steelbarb worm (Spider:3)
  7 orc knights
  A human zombie (Vaults:4)
  34 ugly things
  A stone giant zombie (Vaults:4)
  6 wolf spiders
  12 manticores
  6 fauns
  5 cyclopes
  2 moths of wrath (Spider:4)
  6 orc sorcerers
  9 large abominations
  A centaur zombie (Abyss:2)
  A worldbinder (Abyss:2)
  2 black mambas (Lair:1)
  4 meliai
  7 vault sentinels
  11 elephants
  A naga zombie (Crypt:2)
  5 kobold blastminers
  A rust devil (Abyss:3)
  2 orange demons (Pan)
  9 water nymphs
  A torpor snail (shapeshifter) (Depths:2)
  An eye of devastation (Slime:5)
  7 merfolk sirens
  9 smoke demons (Pan)
  An elephant slug zombie (Crypt:1)
  6 cane toads
  A torpor snail (Spider:2)
  A hellion (Dis:5)
  An unseen horror (shapeshifter) (D:14)
  8 rime drakes
  A kobold demonologist (Bailey)
  An ice devil (Zot:3)
  2 tengu conjurers
  A tormentor (Dis:5)
  5 guardian mummies
  4 efreet
  7 komodo dragons
  5 freezing wraiths
  8 yaktaurs
  2 red devils
  10 wind drakes
  15 merfolk
  An iron troll skeleton (Crypt:1)
  3 trolls
  14 tarantellas
  A spectral harpy (Crypt:3)
  28 blink frogs
  3 hellwings (Pan)
  4 polar bears
  A tengu simulacrum (Abyss:2)
  A harpy skeleton (Crypt:1)
  2 dream sheep (D:14)
  A glass eye (Slime:5)
  2 hornets
  A spectral black mamba (Gauntlet)
  A spriggan zombie (Depths:2)
  7 culicivoras
  2 snapping turtles
  14 jumping spiders
  A black mamba zombie (Crypt:1)
  32 slime creatures
  A vampire (D:12)
  3 air elementals (Shoals:4)
  10 wraiths
  2 ynoxinuls (Pan)
  A dire elephant simulacrum (Crypt:3)
  A hog (D:14)
  5 small abominations
  3 spriggans
  25 water elementals
  8 wyverns
  3 ushabtiu
  A shadow (D:11)
  8 basilisks
  A fire elemental (Elf:1)
  2 steam dragons
  48 yaks
  Grum (D:11)
  23 redbacks
  2 neqoxecs (Pan)
  2 wargs
  A swamp worm (shapeshifter) (D:15)
  A harpy simulacrum (Crypt:3)
  4 chaos spawn
  A yaktaur simulacrum (Vaults:4)
  A spectral cane toad (Gauntlet)
  17 water moccasins
  A hell hound (Lair:4)
  An ice beast (D:7)
  A sky beast (D:7)
  2 black bears
  A black bear (shapeshifter) (D:15)
  28 orc warriors
  5 laughing skulls
  16 ogres
  21 wolves
  3 boggarts
  6 centaurs
  A kobold brigand (D:9)
  4 weeping skulls (Abyss:3)
  An earth elemental (Elf:3)
  A gnoll sergeant (D:10)
  12 bullfrogs
  14 wights
  7 killer bees
  9 howler monkeys
  5 electric eels
  21 orc priests
  3 bombardier beetles
  A bullfrog skeleton (Crypt:3)
  4 hounds
  2 jellies
  An iguana (D:5)
  25 orc wizards
  A boggart skeleton (Crypt:2)
  9 hell rats (Lair:4)
  7 mummies
  5 gnolls
  11 adders
  A shadow imp (D:7)
  3 white imps
  2 ufetubi (D:6)
  An iguana skeleton (Crypt:3)
  2 dart slugs
  A ribbon worm (D:3)
  88 orcs
  4 ball pythons
  12 endoplasms
  3 giant cockroaches
  9 hobgoblins
  8 jackals
  8 kobolds
  5 bats
  3 frilled lizards
  10 goblins
  A rat (D:1)
  3 aspiring fleshes
  2 ball lightnings (Pan)
  2 fire vortices (Pan)
  2 starspawn tentacles (Abyss:3)
  3 tentacles (Abyss:3)
1514 creatures vanquished.

Vanquished Creatures (others)
  An Orb Guardian (Zot:5)
  A fire giant (Geh:4)
  A nargun (Coc:5)
  A shard shrike simulacrum (Coc:7)
  A draconian annihilator (Pan)
  2 demonspawn blood saints (Pan)
  A very ugly thing (Depths:1)
  A wendigo (Coc:7)
  A green draconian (Zot:2)
  A white draconian (Zot:5)
  A fire dragon (Depths:1)
  A rakshasa (Pan)
  2 caustic shrike simulacra
  A juggernaut simulacrum (Coc:5)
  A deep troll shaman (Depths:1)
  A spriggan berserker (Depths:1)
  A hell knight (Depths:1)
  2 sun demons
  2 quicksilver dragon simulacra (Coc:7)
  A necromancer (Hell)
  2 ugly things
  3 anaconda simulacra (Coc:7)
  A wind drake (Pan)
  A human simulacrum (Vaults:4)
  A fire bat (Pan)
  3 dire elephant simulacra
  2 humans (D:14)
  2 harpy simulacra (Coc:7)
  142 battlemagi
  13 ancestors
  7 ball lightnings (Pan)
  76 blazeheart cores
  A fire vortex (Pan)
  9 starspawn tentacles
  10 tentacles
297 creatures vanquished.

Grand Total: 4448 creatures vanquished

Notes
Turn   | Place    | Note
-------+----------+-------------------------------------------
     0 | D:1      | shadowrider38 the Oni Summoner began the quest for the Orb.
     0 | D:1      | Reached XP level 1. HP: 16/16 MP: 3/3
     0 | D:1      | beem: OnSu: 0 wins || iamserjio: CXC, L15 Warrior of
                  | Hepliaklqana || Skimidon: CXC, L11 Fighter of Xom
   232 | D:1      | Reached XP level 2. HP: 24/24 MP: 2/5
   236 | D:1      | Learned a level 2 spell: Call Imp
   552 | D:1      | Found a faded altar of an unknown god.
   961 | D:2      | Reached skill level 3 in Spellcasting
   961 | D:2      | Reached XP level 3. HP: 31/31 MP: 4/7
  1080 | D:1      | Learned a level 3 spell: Call Canine Familiar
  1414 | D:2      | Reached XP level 4. HP: 39/39 MP: 8/8
  2795 | D:3      | Found a glowing silver altar of Zin.
  2998 | D:3      | Found a hide-covered altar of Uskayaw.
  3041 | D:3      | Reached XP level 5. HP: 45/45 MP: 9/9
  3067 | D:3      | Learned a level 4 spell: Summon Lightning Spire
  4381 | D:4      | Reached XP level 6. HP: 57/57 MP: 10/10
  4844 | D:5      | Entered Level 5 of the Dungeon
  4854 | D:5      | Found a staircase to the Ecumenical Temple.
  4871 | Temple   | Entered the Ecumenical Temple
  4892 | Temple   | Became a worshipper of Hepliaklqana the Forgotten
  4950 | D:5      | Reached skill level 3 in Fighting
  4967 | D:5      | Noticed a black bear
  5164 | D:5      | Killed a black bear
  5165 | D:5      | Reached XP level 7. HP: 70/70 MP: 11/11
  5650 | D:5      | Identified the ring "Idworej" {rC+ rN+}
  5765 | D:6      | Found a glowing golden altar of the Shining One.
  5866 | D:6      | Reached skill level 3 in Air Magic
  5990 | D:6      | Reached * piety under Hepliaklqana
  6192 | D:6      | Noticed a steam dragon
  6532 | D:7      | Reached XP level 8. HP: 72/72 MP: 6/12
  6924 | D:7      | Identified the +1 leather armour "Loghel" {Int+4}
  7244 | D:7      | Found Ereesean's Antique Armour Boutique.
  7244 | D:7      | Found Pimoklun's Distillery.
  7249 | D:7      | Found Yczeh's Antique Armour Boutique.
  7252 | D:7      | Found Yzor's Magic Scroll Boutique.
  7455 | D:7      | Bought a scroll of blinking for 120 gold pieces
  7455 | D:7      | Bought a scroll of blinking for 120 gold pieces
  7455 | D:7      | Bought a scroll of teleportation for 48 gold pieces
  7455 | D:7      | Bought a scroll of teleportation for 48 gold pieces
  7541 | D:7      | Reached XP level 9. HP: 80/80 MP: 5/13
  7833 | D:7      | Learned a level 4 spell: Summon Blazeheart Golem
  8163 | D:8      | Identified the blade talisman of the Apothecary {rCorr
                  | Slay+2}
  8191 | D:8      | Found a flagged portal.
  8207 | Bailey   | Entered a bailey
  8895 | Bailey   | Noticed an orc sorcerer
  8912 | Bailey   | Killed an orc sorcerer
  9164 | Bailey   | Noticed an orc knight
  9175 | Bailey   | Killed an orc knight
  9176 | Bailey   | Reached XP level 10. HP: 64/91 MP: 8/17
  9316 | Bailey   | Found an iron altar of Okawaru.
  9317 | Bailey   | Noticed a kobold demonologist
  9340 | Bailey   | Killed a kobold demonologist
  9912 | Bailey   | Reached skill level 3 in Fire Magic
  9976 | Bailey   | Acquired the +0 kite shield of the Shining Light {rPois
                  | Str+4}
  9995 | D:8      | Acquired a book of Transmutation
 11185 | D:9      | Found Yruh's Weapon Boutique.
 11381 | D:9      | Reached skill level 9 in Summonings
 11597 | D:9      | Reached ** piety under Hepliaklqana
 11598 | D:9      | Remembered your ancestor Luxidream as a battlemage
 11634 | D:9      | Found Ysaros's Armour Boutique.
 11634 | D:9      | Found a staircase to the Orcish Mines.
 11634 | D:9      | Found Xubyleh's Weapon Boutique.
 11919 | D:9      | Reached skill level 9 in Fighting
 12003 | D:9      | Reached XP level 11. HP: 87/103 MP: 15/18
 12220 | D:10     | Entered Level 10 of the Dungeon
 12221 | D:10     | Found Ybirimnepta's Book Shoppe.
 12276 | D:10     | Noticed Josephine
 12293 | D:10     | Killed Josephine
 12294 | D:10     | Reached skill level 3 in Shields
 12727 | D:10     | Noticed a two-headed ogre
 12730 | D:10     | Killed a two-headed ogre
 12855 | D:10     | Reached *** piety under Hepliaklqana
 13066 | D:10     | Noticed a green ugly thing
 13076 | D:10     | Killed a green ugly thing
 13204 | D:11     | Noticed a manticore
 13211 | D:11     | Killed a manticore
 13217 | D:11     | Noticed a manticore
 14217 | D:10     | Found Ybirimnepta's Book Shoppe.
 14425 | D:11     | Noticed Fannar
 14434 | D:11     | Killed Fannar
 14559 | D:11     | Learned a level 3 spell: Swiftness
 14658 | D:11     | Noticed a two-headed ogre
 14663 | D:11     | Noticed a six-headed hydra
 14667 | D:11     | Killed a two-headed ogre
 14668 | D:11     | Reached XP level 12. HP: 113/113 MP: 13/20
 14673 | D:11     | Killed a six-headed hydra
 14808 | D:11     | Found a staircase to the Lair.
 15024 | D:11     | Noticed Grum
 15037 | D:11     | Killed Grum
 15518 | Lair:1   | Entered Level 1 of the Lair of Beasts
 15678 | Lair:1   | shadowrider38: !nchoice'
 15678 | Lair:1   | shadowrider38: !nchoice
 15698 | Lair:1   | beem: Time for a new nchoice! It will appear shortly on the
                  | tournament website (if it hasn't yet). Type "=nemelex XXXX"
                  | to update !nchoice with the new combo, where XXXX should be
                  | replaced by the new combo.
 15977 | Lair:1   | shadowrider38: !nchoice onsu
 16000 | Lair:1   | beem: OnSu: 0 wins || iamserjio: CXC, L17 Warrior of
                  | Hepliaklqana || shadowrider38: CBR2, L12 Fighter of
                  | Hepliaklqana || bookman: CAO, L8 Fighter of Vehumet ||
                  | Skimidon: CXC, L1 Caller of No God
 16187 | Lair:1   | Reached **** piety under Hepliaklqana
 16307 | Lair:1   | Acquired 837 gold pieces
 16368 | Lair:2   | Found a staircase to the Shoals.
 17353 | Lair:3   | Reached ***** piety under Hepliaklqana
 17378 | Lair:3   | Reached XP level 13. HP: 132/133 MP: 9/25
 17388 | Lair:3   | Reached skill level 15 in Fighting
 17479 | Lair:3   | Reached skill level 3 in Conjurations
 17479 | Lair:3   | Reached skill level 3 in Alchemy
 18092 | Lair:3   | Found a hole to the Spider Nest.
 18444 | Lair:4   | Noticed Snorg
 18564 | Lair:3   | Learned a level 5 spell: Irradiate
 18593 | Lair:3   | Killed Snorg
 19077 | Lair:4   | Reached XP level 14. HP: 143/143 MP: 16/26
 20385 | Lair:5   | Entered Level 5 of the Lair of Beasts
 20711 | Lair:5   | Reached skill level 9 in Spellcasting
 21189 | Lair:5   | Found a viscous altar of Jiyva.
 21190 | Lair:5   | Found a staircase to the Slime Pits.
 21482 | Lair:5   | Reached skill level 9 in Alchemy
 21962 | Lair:5   | Reached skill level 9 in Conjurations
 22098 | Lair:5   | Reached XP level 15. HP: 135/150 MP: 18/28
 22401 | Lair:5   | Reached skill level 3 in Evocations
 22503 | Lair:5   | Identified the +10 halberd of the Growing Big Fish {freeze,
                  | rElec Str+6 Dex-2 Stlth+}
 23818 | D:12     | HP: 4/150 [rock wall collision (16)]
 24518 | Orc:1    | Entered Level 1 of the Orcish Mines
 24787 | Orc:1    | Found Destaerr's Armour Shop.
 24831 | Orc:2    | Entered Level 2 of the Orcish Mines
 25088 | Orc:2    | Noticed an orc warlord
 25258 | Orc:1    | Killed an orc warlord
 25959 | Orc:2    | Noticed an orc warlord
 26191 | Orc:2    | Killed an orc warlord
 26505 | Orc:2    | Found a staircase to the Elven Halls.
 27534 | Orc:2    | Found Voxzod's Magic Scroll Boutique.
 27534 | Orc:2    | Found Qodies's Assorted Antiques.
 27535 | Orc:2    | Found Wiegasud's Jewellery Shoppe.
 27535 | Orc:2    | Found Yguddo's Magic Scroll Shoppe.
 27536 | Orc:2    | Reached ****** piety under Hepliaklqana
 27542 | Orc:2    | Bought a scroll of teleportation for 39 gold pieces
 27542 | Orc:2    | Bought a scroll of enchant armour for 97 gold pieces
 27542 | Orc:2    | Bought a scroll of teleportation for 39 gold pieces
 27542 | Orc:2    | Bought a scroll of enchant armour for 97 gold pieces
 27553 | Orc:2    | Bought a scroll of fear for 52 gold pieces
 27553 | Orc:2    | Bought a scroll of teleportation for 39 gold pieces
 27553 | Orc:2    | Bought a scroll of teleportation for 39 gold pieces
 27553 | Orc:2    | Bought a scroll of fog for 52 gold pieces
 27582 | Orc:2    | Bought a +6 ring of intelligence for 504 gold pieces
 28754 | D:13     | Found a portal to a secret trove of treasure.
 28780 | D:13     | Found a gate leading to a gauntlet.
 28798 | D:13     | Found a gate to the Vaults.
 28818 | D:13     | Reached XP level 16. HP: 106/160 MP: 25/30
 28838 | Gauntlet | Entered a Gauntlet
 28838 | Gauntlet | Found a transporter.
 28838 | Gauntlet | Found a transporter.
 28838 | Gauntlet | Found a transporter.
 29152 | Gauntlet | Found a transporter.
 29162 | Gauntlet | Found a transporter.
 29165 | Gauntlet | Found a transporter.
 29177 | Gauntlet | Found a transporter.
 29198 | Gauntlet | Found a transporter.
 29201 | Gauntlet | Found a transporter.
 29209 | Gauntlet | Found a transporter.
 29212 | Gauntlet | Found a transporter.
 29235 | Gauntlet | Found a runed translucent door.
 29258 | Gauntlet | Found a transporter.
 29461 | Gauntlet | Identified the +9 short sword of Causality {holy, ^Fragile
                  | rC+++ rCorr Dex+3}
 29784 | Gauntlet | Identified the +3 ring mail of Midwinter {Harm rF- Int+3
                  | Stlth+}
 29784 | Gauntlet | Identified the staff "Jellybane" {rElec rCorr Dex+4 Stlth+
                  | Tloc Air}
 29785 | Gauntlet | Got Zeorphiff's Grimoire of the Amorphous Door
 30520 | D:13     | Noticed Frances
 30535 | D:13     | Killed Frances
 30699 | D:14     | shadowrider38: !nchoice onsu
 30700 | D:14     | beem: OnSu: 0 wins || iamserjio: CXC, L22 Slayer of
                  | Hepliaklqana || shadowrider38: CBR2, L16 Warrior of
                  | Hepliaklqana || bookman: CAO, L11 Fighter of Vehumet ||
                  | shummie: CKO, L7 Caller of No God
 30984 | D:14     | Noticed Lodul
 30990 | D:14     | Killed Lodul
 31125 | D:14     | Noticed Nessos
 31126 | D:14     | Nessos changed into Nessos the elephant
 31126 | D:14     | Noticed Nessos
 31134 | D:14     | Killed Nessos the elephant
 31218 | D:14     | Noticed Kirke
 31240 | D:14     | Killed Kirke
 32453 | D:14     | Found the +5 robe of Night {Dark Will+ SInv}
 32696 | D:12     | Identified the +9 chain mail "Rowyom" {Int+4}
 32727 | D:15     | Entered Level 15 of the Dungeon
 33134 | D:15     | Found a staircase to the Depths.
 33185 | D:15     | Noticed Jorgrun
 33198 | D:15     | Killed Jorgrun
 33571 | D:15     | Noticed Rupert
 33905 | D:15     | Found a hazy altar of Hepliaklqana.
 33950 | D:15     | Identified the ring of Siynt {rC+++ MP+9 Int-3 Dex+8}
 34113 | D:15     | Found a shimmering blue altar of Sif Muna.
 34511 | D:10     | Bought the Folio of Geological Wildfire for 640 gold pieces
 34517 | D:10     | Learned a level 5 spell: Freezing Cloud
 34637 | Spider:1 | Entered Level 1 of the Spider Nest
 34901 | Orc:2    | Bought a scroll of poison for 52 gold pieces
 35076 | D:7      | Bought a scroll of poison for 64 gold pieces
 35284 | Lair:3   | shadowrider38: !nchoice onsu
 35284 | Lair:3   | beem: OnSu: 0 wins || iamserjio: CXC, L22 Slayer of
                  | Hepliaklqana || shadowrider38: CBR2, L16 Warrior of
                  | Hepliaklqana || bookman: CAO, L11 Fighter of Vehumet ||
                  | shummie: CKO, L10 Summoner of Sif Muna
 35306 | Spider:1 | Reached XP level 17. HP: 170/173 MP: 21/33
 35880 | Spider:2 | Reached skill level 3 in Ice Magic
 39118 | Shoals:1 | Entered Level 1 of the Shoals
 39151 | Shoals:1 | Reached skill level 9 in Air Magic
 39156 | Shoals:1 | Found a flickering gateway to a bazaar.
 39168 | Bazaar   | Entered a bazaar
 39278 | Bazaar   | Found Vyxkaenn's Antique Weapon Shop.
 39291 | Bazaar   | Found Cezat's Jewellery Emporium.
 39302 | Bazaar   | Found Fillerr's General Store.
 39308 | Bazaar   | Bought a potion of haste for 110 gold pieces
 39308 | Bazaar   | Bought a scroll of blinking for 82 gold pieces
 39308 | Bazaar   | Bought a scroll of teleportation for 33 gold pieces
 39312 | Bazaar   | Found Peschodupp's Antique Armour Boutique.
 39325 | Bazaar   | Found Johueg's Magic Scroll Emporium.
 39331 | Bazaar   | Bought a scroll of teleportation for 33 gold pieces
 39331 | Bazaar   | Bought a scroll of teleportation for 33 gold pieces
 39331 | Bazaar   | Bought a scroll of revelation for 82 gold pieces
 39371 | Bazaar   | Bought a masterwork robe for 216 gold pieces
 39371 | Bazaar   | Identified the +1 robe of Life {*Corrode Str-2 Dex+4
                  | Slay+2} (You bought it in a shop in a bazaar)
 39371 | Bazaar   | Bought an encrusted robe for 216 gold pieces
 39371 | Bazaar   | Identified the +0 robe of Warinuem {rF+ Dex+3} (You bought
                  | it in a shop in a bazaar)
 39517 | Shoals:1 | Noticed Roxanne
 40407 | Shoals:2 | Noticed a kraken
 40418 | Shoals:2 | Killed a kraken
 40585 | Shoals:2 | Noticed Ilsuiw
 40829 | Shoals:2 | Killed Ilsuiw
 40883 | Shoals:2 | Found Nuag's Armour Boutique.
 41183 | Shoals:2 | Found a runed translucent gate.
 41183 | Shoals:2 | Found a runed translucent gate.
 41183 | Shoals:2 | Found a runed translucent gate.
 41185 | Shoals:2 | Noticed Witt's ghost (adept GrFi)
 41238 | Shoals:2 | Reached skill level 9 in Ice Magic
 41408 | Shoals:2 | Identified the +0 scale mail "Daad" {Dex+6}
 41741 | Shoals:2 | Killed Witt's ghost
 41742 | Shoals:2 | Reached XP level 18. HP: 143/183 MP: 27/34
 43155 | Elf:1    | Entered Level 1 of the Elven Halls
 43519 | Elf:1    | Paralysed by an air elemental for 1 turns
 43773 | Elf:1    | Paralysed by an air elemental for 1 turns
 44104 | Elf:1    | Reached skill level 3 in Dodging
 44479 | Elf:1    | Got the Papyrus of Apparitions
 45234 | Elf:2    | Found a runed translucent gate.
 45235 | Elf:2    | Found a runed translucent gate.
 45235 | Elf:2    | Found a runed translucent gate.
 46561 | Spider:4 | Entered Level 4 of the Spider Nest
 46662 | Spider:4 | Reached skill level 3 in Shapeshifting
 47327 | Spider:4 | Reached XP level 19. HP: 189/189 MP: 35/35
 48650 | Spider:4 | Identified the +0 hat of Fortitude {+Inv rN++ Dex-3 Stlth+}
 48664 | Spider:4 | Got a gossamer rune of Zot
 48666 | Spider:4 | Identified the orb "Suech" {*Rage, Int+3 Dex+3 Summ}
 48932 | Shoals:4 | Entered Level 4 of the Shoals
 48932 | Shoals:4 | Found a stormy altar of Qazlal.
 49191 | Shoals:4 | Paralysed by an air elemental for 1 turns
 49411 | Shoals:4 | Reached skill level 9 in Shapeshifting
 49729 | Shoals:4 | Identified the +2 cloak of Tempters {Str+2}
 49822 | Shoals:4 | Got a barnacled rune of Zot
 49852 | Shoals:4 | Identified the +8 long sword "Yteuczud" {freeze, Dex+4}
 50263 | Shoals:4 | Paralysed by an air elemental for 1 turns
 50266 | Shoals:4 | Paralysed by an air elemental for 1 turns
 51091 | Shoals:4 | Noticed Polyphemus
 51094 | Shoals:4 | Killed Polyphemus
 51508 | Elf:3    | Entered Level 3 of the Elven Halls
 52225 | Elf:3    | Reached XP level 20. HP: 198/198 MP: 36/36
 52827 | Elf:3    | Paralysed by an air elemental for 1 turns
 54515 | Elf:3    | Identified the amulet "Tasatoac" {Spirit Str+3}
 54957 | Elf:3    | Got the Discursus on Maleficent Secrets and the Alembic
 55024 | Elf:3    | Identified the +4 broad axe of the Modern Spirits {speed,
                  | Dex+7 Stlth+}
 55172 | Elf:3    | Got the Handbook of the Crucible and Firn
 55177 | Elf:3    | shadowrider38: !nchoice
 55177 | Elf:3    | beem: OnSu: 0 wins || iamserjio: CXC, L27 Unforgettable of
                  | Hepliaklqana || shadowrider38: CBR2, L19 Warrior of
                  | Hepliaklqana || bookman: CAO, L15 Warrior of Vehumet ||
                  | BlackCaro: CKO, L8 Caller of Ashenzari || Jingleheimer:
                  | CBR2, L8 Magician of Sif Muna || Dani: CAO, L4 Caller of No
                  | God
 55510 | Vaults:1 | Entered Level 1 of the Vaults
 55823 | Vaults:1 | Noticed Saint Roka
 55838 | Vaults:1 | Killed Saint Roka
 55839 | Vaults:1 | Reached skill level 15 in Shapeshifting
 56030 | Vaults:1 | Identified the +0 fire dragon scales "Joimmuis" {rElec rF++
                  | rC- MP-9 SInv Stlth+}
 56068 | Vaults:1 | Found a flickering gateway to a bazaar.
 56074 | Bazaar   | Entered a bazaar
 56117 | Bazaar   | Found Binori's Book Boutique.
 56131 | Bazaar   | Found Ludeqax's Weapon Shop.
 56159 | Bazaar   | Found Fotwuse's General Store.
 56173 | Bazaar   | Found Utwebuh's Antique Armour Boutique.
 56187 | Bazaar   | Found Bowicwao's Assorted Antiques.
 56516 | Vaults:1 | Noticed Asterion
 56521 | Vaults:1 | Killed Asterion
 56704 | Vaults:1 | Reached XP level 21. HP: 207/207 MP: 34/37
 57868 | D:15     | Killed Rupert
 58033 | Vaults:2 | Learned a level 7 spell: Ozocubu's Refrigeration
 58638 | Vaults:2 | Noticed a bone dragon
 58643 | Vaults:2 | Killed a bone dragon
 58684 | Vaults:2 | Found a staircase to the Crypt.
 59323 | Vaults:3 | Noticed Boris
 59330 | Vaults:3 | Killed Boris
 60344 | Vaults:3 | Reached skill level 21 in Fighting
 60918 | Vaults:4 | Reached skill level 15 in Ice Magic
 60986 | Vaults:4 | Identified the orb "Nixior" {*channel, +Inv rPois Regen+
                  | Str+3}
 60986 | Vaults:4 | Noticed Frederick
 60991 | Vaults:4 | Killed Frederick
 61294 | Vaults:4 | Reached XP level 22. HP: 226/226 MP: 38/38
 61856 | Vaults:4 | Noticed Bai Suzhen
 62055 | Vaults:4 | Killed Bai Suzhen
 62565 | D:15     | shadowrider38: !nchoiec
 62565 | D:15     | shadowrider38: !nchoice
 62565 | D:15     | beem: Time for a new nchoice! It will appear shortly on the
                  | tournament website (if it hasn't yet). Type "=nemelex XXXX"
                  | to update !nchoice with the new combo, where XXXX should be
                  | replaced by the new combo.
 62565 | D:15     | shadowrider38: !nchoice onsu
 62565 | D:15     | beem: OnSu: 1 win || shadowrider38: CBR2, L22 Slayer of
                  | Hepliaklqana || bookman: CAO, L16 Warrior of Vehumet ||
                  | BlackCaro: CKO, L10 Summoner of Ashenzari || Jingleheimer:
                  | CBR2, L8 Magician of Sif Muna || Dani: CAO, L5 Chopper of
                  | Ashenzari
 62565 | D:15     | shadowrider38: !nchoice mifi
 62566 | Depths:1 | Entered Level 1 of the Depths
 62591 | Depths:1 | Found a transporter.
 62591 | Depths:1 | Found Kuitebut's Book Boutique.
 62672 | Depths:1 | Found a transporter.
 62677 | Depths:1 | beem: MiFi: 35 wins || Tanach: LLD, L26 Executioner of
                  | Okawaru || peterlawrence: CUE, L25 Conqueror of Okawaru ||
                  | grimtooth: CKO, L24 Impregnable of Okawaru || Rayvis: CXC,
                  | L24 Axe Maniac of Makhleb || oldmanjim: CBR2, L23 Slayer of
                  | Qazlal || hyungi: LLD, L23 Axe Maniac of Zin || theodolus:
                  | CKO, L22 Hoplite of The Shining One || peterlawrence: CBR2,
                  | L19 Slayer of Okawaru || qwarkbark: CUE, L19 Fencer
 62677 | Depths:1 | beem: of Okawaru || zdzicho121: CUE, L19 Hoplite of The
                  | Shining One || Samael12321: CXC, L19 Warrior of Cheibriados
                  | || babelphish: CBR2, L19 Warrior of Gozag || ironsdan:
                  | CBR2, L18 Tortoise of The Shining One || skavnox: CPO, L17
                  | Warrior of Okawaru || TheBioAlchemist: CBR2, L16 Severer of
                  | The Shining One || stoicbird: CAO, L16 Executioner of Gozag
                  | || MrDeSaussure: CKO, L15 Severer of Dithmenos ||
 62677 | Depths:1 | beem: Columbarium: CAO, L15 Severer of Trog || chuckiee3:
                  | CUE, L14 Spear-Bearer of Okawaru || Millikuen: CXC, L13
                  | Fighter of Ashenzari || Wilberforcelj: CAO, L13 Severer of
                  | Okawaru || flestrin: CXC, L12 Warrior of Gozag || damiac:
                  | CBR2, L12 Carver of Okawaru || Shym: CXC, L11 Cleaver of No
                  | God || eliilek: CBR2, L11 Basher of Ru || sharkbait707:
                  | CAO, L10 Fighter of Yredelemnul || jr88keys: CBR2, L10
 62677 | Depths:1 | beem: Basher of Okawaru || tcltk: LLD, L9 Cleaver of
                  | Okawaru || NormTheCrucifier: CKO, L9 Cleaver of Okawaru ||
                  | PeachIlich: CUE, L9 Cleaver of No God || KellsAgain: CAO,
                  | L8 Covered of No God || Bootch: CBR2, L8 Shield-Bearer of
                  | Okawaru || ungratefuldead: CAO, L7 Covered of No God ||
                  | tuesday: CKO, L7 Fighter of No God || Ateridable: CAO, L7
                  | Poker of No God || hihot: CBR2, L7 Cleaver of Okawaru ||
 62677 | Depths:1 | beem: sourish: CBR2, L6 Shield-Bearer of No God ||
                  | qwarkbark: CXC, L6 Ruffian of No God || siltyroach: CKO, L6
                  | Trooper of Cheibriados || skepticalsorcerer: CKO, L5
                  | Chopper of No God || mzkraaa: LLD, L5 Chopper of No God ||
                  | Fodor: CBR2, L5 Covered of Gozag || pasdonne: CAO, L4
                  | Trooper of No God || Fildev: CUE, L4 Covered of No God ||
                  | Nub5409: CAO, L4 Covered of No God || sanka: CXC, L4
                  | Cudgeller of No
 62677 | Depths:1 | beem: God || LolNoob: CKO, L1 Shield-Bearer of No God ||
                  | PerfectTommy: CBR2, L1 Shield-Bearer of No God || Pawtter:
                  | CAO, L1 Shield-Bearer of No God || Jacker: CAO, L1
                  | Shield-Bearer of No God || Slicer450: CUE, L1 Shield-Bearer
                  | of No God || s17009: LLD, L1 Shield-Bearer of No God ||
                  | lllllo: CAO, L1 Shield-Bearer of No God || regis: CAO, L1
                  | Shield-Bearer of No God || behlem: CAO, L1 Shield-Bearer of
                  | No
 62677 | Depths:1 | beem: God || shortmoddy: CKO, L1 Shield-Bearer of No God ||
                  | callumquick: CXC, L1 Shield-Bearer of No God || Ralhos:
                  | CXC, L1 Shield-Bearer of No God || Vaargak: CPO, L1
                  | Shield-Bearer of No God || Ainarik: CKO, L1 Shield-Bearer
                  | of No God || daxelot: CKO, L1 Shield-Bearer of No God ||
                  | defiantlydude: CKO, L1 Shield-Bearer of No God || drfist:
                  | CAO, L1 Shield-Bearer of No God || Prepator: CUE, L1
 62677 | Depths:1 | beem: Shield-Bearer of No God || persob: CAO, L1
                  | Shield-Bearer of No God
 62743 | Depths:1 | Learned a level 6 spell: Plasma Beam
 63081 | Depths:1 | Found a shimmering altar of Xom.
 63429 | Depths:1 | Reached skill level 9 in Shields
 63554 | Depths:1 | Found a gateway to Hell.
 63859 | Depths:1 | Reached skill level 9 in Fire Magic
 64420 | Depths:2 | Noticed a juggernaut
 64575 | Depths:2 | shadowrider38: !nchoice
 64587 | Depths:2 | beem: Time for a new nchoice! It will appear shortly on the
                  | tournament website (if it hasn't yet). Type "=nemelex XXXX"
                  | to update !nchoice with the new combo, where XXXX should be
                  | replaced by the new combo.
 64634 | Depths:2 | shadowrider38: !nchoice ghsu
 64635 | Depths:2 | beem: GhSu: 0 wins || bookman: CAO, L14 Severer of
                  | Hepliaklqana || xnavy: CBR2, L9 Summoner of Kikubaaqudgha
 64644 | Depths:2 | Killed a juggernaut
 64859 | Depths:2 | Identified the amulet of Xom's Full Attention {rF+ Regen+
                  | Int+3 Stlth-}
 64979 | Depths:2 | Reached XP level 23. HP: 234/234 MP: 34/39
 65214 | Depths:2 | Found an opulent altar of Gozag.
 65237 | Depths:2 | Found Nosioss's Jewellery Shop.
 65244 | Depths:2 | Bought the amulet of Vitality {RegenMP++ Regen++} for 2100
                  | gold pieces
 65244 | Depths:2 | Found the amulet of Vitality {RegenMP++ Regen++}
 65359 | Depths:2 | Noticed the Enchantress
 65366 | Depths:2 | Killed the Enchantress
 65366 | Depths:2 | Identified the +10 falchion "Jelly's Regret" {drain, rCorr
                  | Int-3 Dex+7}
 65692 | Depths:2 | Found a one-way gate leading to the halls of Pandemonium.
 66360 | Depths:3 | Found a one-way gateway to a ziggurat.
 66851 | Depths:3 | Noticed a golden dragon
 66854 | Depths:3 | Killed a golden dragon
 66892 | Depths:3 | Noticed a golden dragon
 66896 | Depths:3 | Killed a golden dragon
 66931 | Depths:3 | Identified the +7 short sword of Gyidgh {vamp, rElec Str-5
                  | Dex+5 Stlth-}
 66972 | Depths:3 | Identified the +12 hand axe of the Original Sin {drain,
                  | SInv}
 66972 | Depths:3 | Identified the amulet "Waoth" {Acrobat Int+2 Dex+2}
 67254 | Depths:3 | Found a one-way gate to the infinite horrors of the Abyss.
 67330 | Depths:4 | Entered Level 4 of the Depths
 67582 | Depths:4 | Noticed a golden dragon
 67623 | Depths:4 | Killed a golden dragon
 67719 | Depths:4 | Reached XP level 24. HP: 243/243 MP: 21/40
 67765 | Depths:4 | Found a gate to the Realm of Zot.
 67819 | Depths:4 | Found Fyrchodyet's Antique Weapon Boutique.
 68202 | Depths:4 | Noticed a juggernaut
 68206 | Depths:4 | Killed a juggernaut
 69063 | Slime:1  | Entered Level 1 of the Pits of Slime
 69700 | Slime:4  | Reached skill level 15 in Spellcasting
 69701 | Slime:4  | Gained mutation: You are clumsy. (Dex -2) [a shining eye]
 69834 | Slime:4  | Gained mutation: Your health recovers twice as slowly from
                  | being drained. [a shining eye]
 69845 | Slime:5  | Entered Level 5 of the Pits of Slime
 69882 | Slime:5  | Noticed the Royal Jelly
 69889 | Slime:5  | Found a viscous altar of Jiyva.
 69889 | Slime:5  | Gained mutation: You are weak. (Str -2) [a shining eye]
 70015 | Slime:5  | Gained mutation: Armour fits poorly on your strangely
                  | shaped body. [a shining eye]
 70281 | Slime:5  | Killed the Royal Jelly
 70416 | Slime:5  | Identified the +5 glaive "Zarat" {freeze, rPois Int+3}
 70606 | Slime:5  | Identified the +1 troll leather armour "Esiroph" {rElec
                  | Will+ Regen+}
 70608 | Slime:5  | Got the Collected Works on Ice and the Hornet
 70720 | Slime:5  | Identified the amulet "Keumm" {Acrobat Fly Regen+ Str-2}
 70722 | Slime:5  | Got a slimy rune of Zot
 70725 | Slime:5  | Got the Atlas of the Rotting Sphinx
 70734 | Slime:5  | Identified the ring of Piownigeych {+Blink rPois rCorr EV+5
                  | SInv}
 71122 | D:11     | Learned a level 9 spell: Polar Vortex
 71319 | Vaults:4 | Learned a level 8 spell: Ignition
 71400 | Vaults:5 | Entered Level 5 of the Vaults
 71404 | Vaults:5 | Reached XP level 25. HP: 250/250 MP: 22/42
 71814 | Vaults:5 | Identified the ring "Booje" {rC- Will+ Str+4 Dex+5}
 72022 | Vaults:5 | Noticed an ancient lich
 72035 | Vaults:5 | Killed an ancient lich
 72144 | Vaults:5 | Identified the ring of Yntiyrgh {Wiz Int+3}
 72261 | Vaults:5 | Identified the +7 flail of Dust {flame, Int+4}
 72563 | Vaults:5 | Noticed a dread lich
 72567 | Vaults:5 | Killed a dread lich
 72735 | Vaults:5 | Noticed a dread lich
 72845 | Vaults:4 | Killed a dread lich
 72846 | Vaults:4 | Reached skill level 21 in Ice Magic
 73009 | Vaults:5 | Got a silver rune of Zot
 73197 | Vaults:5 | Got the Grimoire of Cold Displacement
 73199 | Vaults:5 | Acquired 727 gold pieces
 73776 | Depths:3 | Voluntarily entered the Abyss.
 73843 | Depths:3 | Escaped the Abyss
 73845 | Depths:3 | Voluntarily entered the Abyss.
 73848 | Abyss:2  | Found a corrupted altar of Lugonu.
 73884 | Abyss:2  | Found a corrupted altar of Lugonu.
 73910 | Abyss:2  | Found a corrupted altar of Lugonu.
 73963 | Depths:3 | Escaped the Abyss
 73973 | Depths:3 | Voluntarily entered the Abyss.
 73988 | Abyss:2  | Found an ornate altar of the Wu Jian Council.
 74061 | Abyss:3  | Got an abyssal rune of Zot
 74119 | Depths:3 | Escaped the Abyss
 74455 | Crypt:1  | Entered Level 1 of the Crypt
 74515 | Crypt:1  | Reached XP level 26. HP: 259/259 MP: 28/42
 75055 | Crypt:1  | Got Gloorx Vloq's Tome of Unholy Rites
 76410 | Crypt:3  | Entered Level 3 of the Crypt
 76410 | Crypt:3  | Found a staircase to the Tomb.
 77898 | Crypt:3  | Identified the staff "Blob" {*Corrode rPois Str+2 SInv
                  | Alchemy}
 78030 | Crypt:3  | Identified the +4 halberd of Boduupn {antimagic, Str+3}
 78499 | Depths:2 | Learned a level 8 spell: Maxwell's Capacitive Coupling
 78568 | Zig:1    | Entered Level 1 of a ziggurat
 78580 | Zig:2    | Entered Level 2 of a ziggurat
 78604 | Zig:3    | Entered Level 3 of a ziggurat
 78607 | Zig:3    | Noticed Cehoaseo the pandemonium lord
 78613 | Zig:3    | Killed Cehoaseo the pandemonium lord
 78678 | Zig:4    | Entered Level 4 of a ziggurat
 78692 | Zig:4    | Identified the +7 shortbow of Resourcefulness {flame,
                  | rElec}
 78700 | Zig:4    | Reached XP level 27. HP: 266/266 MP: 43/44
 78703 | Zig:5    | Entered Level 5 of a ziggurat
 78742 | Zig:6    | Entered Level 6 of a ziggurat
 78798 | Zig:7    | Entered Level 7 of a ziggurat
 78832 | Zig:7    | Identified the +0 shortbow "Xary" {elec, rPois rCorr}
 78843 | Zig:8    | Entered Level 8 of a ziggurat
 78885 | Zig:8    | Identified the +1 rapier of Douduq {antimagic, SInv}
 78891 | Zig:9    | Entered Level 9 of a ziggurat
 78944 | Zig:10   | Entered Level 10 of a ziggurat
 79037 | Zig:11   | Entered Level 11 of a ziggurat
 79046 | Zig:11   | Noticed a royal mummy
 79046 | Zig:11   | Noticed a royal mummy
 79050 | Zig:11   | Noticed a royal mummy
 79051 | Zig:11   | Killed a royal mummy
 79054 | Zig:11   | Killed a royal mummy
 79054 | Zig:11   | Lost dexterity.
 79057 | Zig:11   | Killed a royal mummy
 79140 | Zig:11   | Got the Compilation of Red Air
 79193 | Zig:12   | Entered Level 12 of a ziggurat
 79205 | Zig:12   | Found the +9 sword of Zonguldrok {reap}
 79227 | Zig:12   | Identified the staff of Untimely Demise {rF++ rN+ Str+3
                  | Necro}
 79241 | Zig:12   | Got the Enchiridion on Sweltering Tinctures
 79269 | Zig:12   | Identified the +0 helmet of Magic {Slay+3}
 79273 | Zig:13   | Entered Level 13 of a ziggurat
 79285 | Zig:13   | Noticed a royal mummy
 79287 | Zig:13   | Noticed a royal mummy
 79292 | Zig:13   | Killed a royal mummy
 79293 | Zig:13   | Killed a royal mummy
 79310 | Zig:13   | Identified the +4 falchion of the Living God {heavy, rElec
                  | rPois}
 79339 | Zig:13   | Identified the +5 mace "Rulakas" {flame, *Slow Str+5 Dex+3}
 79340 | Zig:13   | Identified the ring "Jilehu" {Fly rC- Will+ MP+9 AC+4}
 79348 | Zig:13   | Identified the +4 long sword "Tonoxu" {venom, Fly rPois
                  | Str+3 SInv}
 79379 | Zig:14   | Entered Level 14 of a ziggurat
 79423 | Zig:14   | Identified the +3 ring mail "Laacaq" {rN+ Slay+3}
 79432 | Zig:14   | Identified the +9 trident "Mifeih" {flame, rF+}
 79479 | Zig:15   | Entered Level 15 of a ziggurat
 79488 | Zig:15   | Noticed Iwkucruh the pandemonium lord
 79583 | Pan      | Entered Pandemonium
 79823 | Pan      | Noticed Kefa the pandemonium lord
 79830 | Pan      | Killed Kefa the pandemonium lord
 80082 | Pan      | Reached skill level 15 in Shields
 80106 | Pan      | Got a demonic rune of Zot
 80184 | Pan      | Entered the realm of Lom Lobon.
 80516 | Pan      | Reached skill level 15 in Fire Magic
 80562 | Pan      | Noticed Lom Lobon
 80856 | Pan      | Got a magical rune of Zot
 80942 | Pan      | Entered the realm of Cerebov.
 80959 | Pan      | Identified the +6 flail "Numacef" {speed, +Blink rPois
                  | Dex+2}
 81141 | Pan      | Identified the ring "Fopnuit" {rPois rF+ rC- Dex+3}
 81348 | Pan      | Found the +6 sword of Cerebov {flame}
 81348 | Pan      | Noticed Cerebov
 81351 | Pan      | Killed Cerebov
 81453 | Pan      | Identified the +1 sling of the Lame Duck {flame, +Blink rC+
                  | MP+9 Dex+2}
 81455 | Pan      | Got the Disquisition on the Bloody Salvo
 81474 | Pan      | Got a fiery rune of Zot
 81559 | Depths:3 | Escaped Pandemonium
 81586 | Pan      | Entered Pandemonium
 81586 | Pan      | Found an exit through the horrors of the Abyss.
 81692 | Pan      | Found a runed translucent door.
 81730 | Pan      | Identified the +5 dagger "Luif" {protect, rN+ SInv}
 81733 | Pan      | Identified the staff of the Wilderness {rElec Dex+5 Air}
 81734 | Pan      | Noticed Lom Lobon
 81922 | Pan      | Entered the realm of Mnoleg.
 81986 | Pan      | Noticed Mnoleg
 81996 | Pan      | Killed Mnoleg
 82065 | Pan      | Gained mutation: You occasionally lose the ability to read
                  | scrolls when taking damage. [a cacodemon]
 82075 | Pan      | Lost mutation: Your health recovers twice as slowly from
                  | being drained. [potion of mutation]
 82075 | Pan      | Lost mutation: You are clumsy. (Dex -2) [potion of
                  | mutation]
 82075 | Pan      | Gained mutation: You are very weak. (Str -4) [potion of
                  | mutation]
 82075 | Pan      | Gained mutation: Your system is resistant to poisons.
                  | (rPois) [potion of mutation]
 82075 | Pan      | Gained mutation: Your mind is acute. (Int +4, Str/Dex -1)
                  | [potion of mutation]
 82076 | Pan      | Lost mutation: Armour fits poorly on your strangely shaped
                  | body. [potion of mutation]
 82076 | Pan      | Lost mutation: You occasionally lose the ability to read
                  | scrolls when taking damage. [potion of mutation]
 82076 | Pan      | Lost mutation: Your mind is acute. (Int +4, Str/Dex -1)
                  | [potion of mutation]
 82076 | Pan      | Gained mutation: You occasionally shout uncontrollably at
                  | your foes. [potion of mutation]
 82076 | Pan      | Gained mutation: You sometimes lose your temper in combat.
                  | [potion of mutation]
 82076 | Pan      | Lost mutation: You are very weak. (Str -4) [potion of
                  | mutation]
 82077 | Pan      | Lost mutation: You occasionally shout uncontrollably at
                  | your foes. [potion of mutation]
 82077 | Pan      | Lost mutation: You sometimes lose your temper in combat.
                  | [potion of mutation]
 82077 | Pan      | Lost mutation: You are weak. (Str -2) [potion of mutation]
 82077 | Pan      | Gained mutation: You have sharp toenails. [potion of
                  | mutation]
 82077 | Pan      | Gained mutation: Your health recovers twice as slowly from
                  | being drained. [potion of mutation]
 82077 | Pan      | Gained mutation: Your mind is acute. (Int +4, Str/Dex -1)
                  | [potion of mutation]
 82098 | Pan      | Got a glowing rune of Zot
 82169 | Pan      | Found an exit through the horrors of the Abyss.
 82373 | Pan      | Noticed Tahecuck the pandemonium lord
 82380 | Pan      | Entered the realm of Gloorx Vloq.
 82479 | Pan      | Reached skill level 15 in Air Magic
 82528 | Pan      | Noticed Gloorx Vloq
 82540 | Pan      | Killed Gloorx Vloq
 82547 | Pan      | Gained mutation: Potions are less effective at restoring
                  | your health. [mutagenic glow]
 82677 | Pan      | Lost mutation: Your system is resistant to poisons. (rPois)
                  | [potion of mutation]
 82677 | Pan      | Lost mutation: Your health recovers twice as slowly from
                  | being drained. [potion of mutation]
 82677 | Pan      | Lost mutation: Potions are less effective at restoring your
                  | health. [potion of mutation]
 82677 | Pan      | Gained mutation: You are strong-willed. (Will+) [potion of
                  | mutation]
 82677 | Pan      | Gained mutation: Your spells are a little harder to cast,
                  | but a little more powerful. [potion of mutation]
 82677 | Pan      | Gained mutation: Your muscles are strong. (Str +4, Int/Dex
                  | -1) [potion of mutation]
 82728 | Pan      | Got a dark rune of Zot
 82782 | Pan      | Noticed Lom Lobon
 82785 | Pan      | Killed Lom Lobon
 82835 | Pan      | Found an exit through the horrors of the Abyss.
 82844 | Pan      | Took an exit into the Abyss.
 82844 | Abyss:3  | Escaped into the Abyss
 82861 | Depths:3 | Escaped the Abyss
 82901 | Hell     | Entered the Vestibule of Hell
 82901 | Hell     | Noticed Geryon
 82908 | Hell     | Killed Geryon
 82965 | Hell     | Found a gateway to the ashen valley of Gehenna.
 83085 | Hell     | Found a gateway to the decaying netherworld of Tartarus.
 83152 | Hell     | Found a gateway to the freezing wastes of Cocytus.
 83242 | Hell     | Found a gateway to the Iron City of Dis.
 83582 | Tar:1    | Entered Level 1 of Tartarus
 83709 | Tar:3    | Noticed a dread lich
 83714 | Tar:3    | Killed a dread lich
 83794 | Tar:3    | You are sucked into a shaft and drop 1 floor!
 84627 | Hell     | shadowrider38: !nchoice onsu
 84627 | Hell     | beem: OnSu: 1 win || shadowrider38: CBR2, L27 Cryomancer of
                  | Hepliaklqana || BlackCaro: CKO, L24 Metamorph of Ashenzari
                  | || particleface: CKO, L18 Warrior of Ashenzari ||
                  | ragingrage: CBR2, L13 Fighter of Ru || PanSaczeczos: CUE,
                  | L9 Caller of Hepliaklqana || browni3141: CBR2, L9 Caller of
                  | No God || Jingleheimer: CBR2, L8 Magician of Sif Muna ||
                  | puppykicker: CBR2, L6 Caller of No God ||
 84627 | Hell     | beem: HilariousDeathArtist: CBR2, L4 Trooper of Dithmenos
 84712 | Geh:1    | Entered Level 1 of Gehenna
 85671 | Geh:7    | Entered Level 7 of Gehenna
 85759 | Geh:7    | Reached skill level 27 in Fighting
 85978 | Geh:7    | Found the +13 sceptre of Asmodeus
 85978 | Geh:7    | Noticed Asmodeus
 85988 | Geh:7    | Killed Asmodeus
 86114 | Geh:7    | Got an obsidian rune of Zot
 86294 | Hell     | Learned a level 2 spell: Blink
 86299 | Hell     | Learned a level 4 spell: Vhi's Electric Charge
 86307 | Coc:1    | Entered Level 1 of Cocytus
 86734 | Coc:4    | Paralysed by a wendigo for 1 turns
 86978 | Coc:6    | Paralysed by a wendigo for 1 turns
 86984 | Coc:7    | Entered Level 7 of Cocytus
 87060 | Coc:7    | Paralysed by a wendigo for 1 turns
 87068 | Coc:7    | Reached skill level 9 in Dodging
 87422 | Coc:7    | Found the +8 lance "Wyrmbane" {slay drac, rPois rF+ rC+
                  | AC+3}
 87524 | Coc:7    | Identified the ring of Qatiddu {rElec MP+9}
 87558 | Coc:7    | Found the ring of the Mage {Wiz Archmagi}
 87854 | Coc:7    | Noticed Antaeus
 87857 | Coc:7    | Killed Antaeus
 87872 | Coc:7    | Got an icy rune of Zot
 88055 | Tar:4    | Reached skill level 9 in Evocations
 88528 | Tar:7    | Entered Level 7 of Tartarus
 88755 | Tar:7    | Noticed an ancient lich
 88759 | Tar:7    | Killed an ancient lich
 88766 | Tar:7    | Noticed a dread lich
 88773 | Tar:7    | Killed a dread lich
 88836 | Tar:7    | Noticed an ancient lich
 88839 | Tar:7    | Killed an ancient lich
 89032 | Tar:7    | Noticed Ereshkigal
 89035 | Tar:7    | Killed Ereshkigal
 89036 | Tar:7    | Reached skill level 21 in Spellcasting
 89086 | Tar:7    | Got a bone rune of Zot
 89243 | Dis:1    | Entered Level 1 of the Iron City of Dis
 89631 | Dis:3    | Gained mutation: You are vulnerable to heat. (rF-)
                  | [mutagenic glow]
 90557 | Dis:5    | Noticed a dread lich
 90561 | Dis:5    | Killed a dread lich
 90641 | Dis:5    | Found a burning altar of Makhleb.
 91096 | Dis:7    | Entered Level 7 of the Iron City of Dis
 91103 | Dis:7    | Reached skill level 27 in Ice Magic
 91388 | Dis:7    | Noticed an ancient lich
 91392 | Dis:7    | Killed an ancient lich
 91398 | Dis:7    | Noticed the Serpent of Hell
 91410 | Dis:7    | Killed the Serpent of Hell
 91658 | Dis:7    | Noticed Dispater
 91661 | Dis:7    | Killed Dispater
 91679 | Dis:7    | Got an iron rune of Zot
 91680 | Dis:7    | Identified the +7 quarterstaff of Roicracy {freeze, ^Drain
                  | rElec rC+++}
 92154 | Crypt:3  | Learned a level 9 spell: Chain Lightning
 92155 | Tomb:1   | Entered Level 1 of the Tomb of the Ancients
 92331 | Tomb:1   | Noticed a royal mummy
 92335 | Tomb:1   | Killed a royal mummy
 92342 | Tomb:1   | Lost mutation: You have sharp toenails. [mutagenic glow]
 92342 | Tomb:1   | Gained mutation: You have large cloven feet. [mutagenic
                  | glow]
 92343 | Tomb:1   | Reached skill level 15 in Conjurations
 92805 | Tomb:2   | Noticed a royal mummy
 92828 | Tomb:2   | Noticed a royal mummy
 92846 | Tomb:2   | Killed a royal mummy
 92846 | Tomb:2   | Killed a royal mummy
 92859 | Tomb:2   | Noticed a royal mummy
 92860 | Tomb:2   | Noticed a royal mummy
 92861 | Tomb:2   | Noticed a royal mummy
 92862 | Tomb:2   | Killed a royal mummy
 92865 | Tomb:2   | Killed a royal mummy
 92866 | Tomb:2   | Killed a royal mummy
 93386 | Tomb:1   | Noticed a royal mummy
 93388 | Tomb:1   | Noticed a royal mummy
 93390 | Tomb:1   | Killed a royal mummy
 93394 | Tomb:1   | Killed a royal mummy
 93413 | Tomb:1   | Noticed a royal mummy
 93418 | Tomb:1   | Killed a royal mummy
 93438 | Tomb:1   | Noticed a royal mummy
 93445 | Tomb:1   | Killed a royal mummy
 93475 | Tomb:1   | Noticed a royal mummy
 93476 | Tomb:1   | Noticed a royal mummy
 93477 | Tomb:1   | Noticed a royal mummy
 93481 | Tomb:1   | Killed a royal mummy
 93481 | Tomb:1   | Killed a royal mummy
 93482 | Tomb:1   | Killed a royal mummy
 93546 | Tomb:1   | Noticed a royal mummy
 93550 | Tomb:1   | Noticed a royal mummy
 93552 | Tomb:1   | Noticed a royal mummy
 93553 | Tomb:1   | Killed a royal mummy
 93560 | Tomb:1   | Killed a royal mummy
 93560 | Tomb:1   | Killed a royal mummy
 93569 | Tomb:1   | Noticed a royal mummy
 93573 | Tomb:1   | Killed a royal mummy
 93574 | Tomb:1   | Noticed a royal mummy
 93575 | Tomb:1   | Noticed a royal mummy
 93575 | Tomb:1   | Noticed a royal mummy
 93578 | Tomb:1   | Noticed a royal mummy
 93579 | Tomb:1   | Killed a royal mummy
 93580 | Tomb:1   | Killed a royal mummy
 93580 | Tomb:1   | Killed a royal mummy
 93586 | Tomb:1   | Killed a royal mummy
 93587 | Tomb:1   | Noticed a royal mummy
 93590 | Tomb:1   | Killed a royal mummy
 94200 | Tomb:3   | Entered Level 3 of the Tomb of the Ancients
 94205 | Tomb:3   | Noticed Khufu
 94205 | Tomb:3   | Noticed a royal mummy
 94211 | Tomb:3   | Killed a royal mummy
 94211 | Tomb:3   | Killed Khufu
 94230 | Tomb:3   | Noticed a royal mummy
 94233 | Tomb:3   | Paralysed by a Zot trap for 2 turns
 94236 | Tomb:3   | Killed a royal mummy
 94251 | Tomb:3   | Noticed a royal mummy
 94260 | Tomb:3   | Killed a royal mummy
 94267 | Tomb:3   | Noticed a royal mummy
 94270 | Tomb:3   | Noticed a royal mummy
 94273 | Tomb:3   | Killed a royal mummy
 94277 | Tomb:3   | Killed a royal mummy
 94284 | Tomb:3   | Noticed a royal mummy
 94289 | Tomb:3   | Killed a royal mummy
 94392 | Tomb:3   | Noticed a royal mummy
 94394 | Tomb:3   | Reached skill level 21 in Conjurations
 94400 | Tomb:3   | Killed a royal mummy
 94400 | Tomb:3   | Noticed a royal mummy
 94407 | Tomb:3   | Killed a royal mummy
 94497 | Tomb:3   | Identified the +1 hand axe of the Usurping Owl {pain, rC+
                  | Str+2 Stlth+}
 94613 | Tomb:3   | Noticed a royal mummy
 94622 | Tomb:3   | Killed a royal mummy
 94623 | Tomb:3   | Noticed a royal mummy
 94633 | Tomb:3   | Killed a royal mummy
 94714 | Tomb:3   | Got a golden rune of Zot
 94775 | Tomb:3   | Identified the +3 longbow of the Lonely Nights {drain,
                  | rElec rPois Int+2 Dex+5}
 94811 | Tomb:3   | Identified the +6 short sword of the Eight Nightingales
                  | {drain, Str-3 Int+4}
 94814 | Tomb:3   | Identified the staff of Misery {rF+ Str+3 Dex+3 Fire Air}
 94839 | Tomb:3   | Identified the +10 glaive of the Pariah {flame, Int+3}
 95391 | Zot:1    | Entered Level 1 of the Realm of Zot
 95399 | Zot:1    | Acquired 532 gold pieces
 95441 | Zot:2    | Noticed Vv
 95446 | Zot:2    | Killed Vv
 95632 | Zot:3    | Identified the ring of Division {Wiz rPois}
 95772 | Zot:5    | Entered Level 5 of the Realm of Zot
 95847 | Zot:5    | Got a prismatic gem with 303 turns to spare
 95879 | Zot:5    | Noticed a dread lich
 95880 | Zot:5    | Noticed an ancient lich
 95880 | Zot:5    | Noticed an orb of fire
 95880 | Zot:5    | Noticed a dread lich
 95880 | Zot:5    | Noticed an ancient lich
 95885 | Zot:5    | Got the Orb of Zot
 95910 | Zot:5    | Found a runed translucent gate.
 95910 | Zot:5    | Found a runed translucent gate.
 95910 | Zot:5    | Found a runed translucent gate.
 95912 | Zot:5    | Noticed tevo3000's ghost (master MiFi)
 96001 | Zot:3    | Noticed Miyhuwy the pandemonium lord
 96018 | Zot:3    | Killed Miyhuwy the pandemonium lord
 96076 | Zot:1    | Noticed Xeanuum the pandemonium lord
 96084 | Zot:1    | Killed Xeanuum the pandemonium lord
 96129 | Depths:4 | Noticed Yteocieh the pandemonium lord
 96131 | Depths:4 | Killed Yteocieh the pandemonium lord
 96465 | D:6      | Noticed Alo Zohuynk the pandemonium lord
 96524 | D:$      | Escaped with the Orb!

Illustrated notes

Levels and vault maps discovered:
D:1:      dpeg_arrival_simpleton_b, layout_basic, ebering_ecumenical_altar_box
D:2:      layout_basic
D:3:      layout_loops_ring, lemuel_crystal_altar, zin_treasury,
          minmay_misc_feat_tower, nrook_campfire
D:4:      layout_basic
D:5:      layout_cave_pools, temple_fountains, minivault_19
D:6:      layout_basic, amcnicky_altar_gilded, corexii_item_surrounded_by_moat
D:7:      layout_basic, minmay_shop_grid_forest, chequers_decorated_corner
D:8:      layout_loops_ring, enter_bailey_4
D:9:      layout_basic, orc_david_3, serial_shops, shop
D:10:     minmay_cornered_nines, layout_irregular_city, serial_shops,
          nicolae_book_shop_shelving, hangedman_decor_clover_reticule,
          minivault_26, uniq_josephine
D:11:     layout_roguey [special_room_orc], erik_lair_orcish_takeover,
          st_stairs_5, uniq_fannar, uniq_grum
D:12:     layout_long_grid
D:13:     layout_cave_pods, erik_vaults_2, gauntlet_entry_generic,
          enter_trove_0, uniq_frances
D:14:     layout_cave_pools, hellmonk_guarded_unrand_night, uniq_nessos,
          uniq_kirke, uniq_lodul
D:15:     gammafunk_enter_depths_forms, layout_irregular_city, led_sif_pool,
          nicolae_hepliaklqana_hazy_memory, uniq_rupert, uniq_jorgrun
Temple:   hellmonk_temple_of_storms
Lair:1:   layout_misc_corridors, cheibrodos_lair_reptile_den
Lair:2:   layout_regular_city, elwin_shoals_entry_rocks
Lair:3:   layout_misc_corridors, spider_nest_entry_webs, beast_lair_carwin_3
Lair:4:   layout_roguey [special_room_mythical_zoo], grunt_megastairs_1,
          uniq_snorg
Lair:5:   evilmike_catoblepas_cave, layout_loops_ring,
          dpeg_slime_entry_enclosed, serial_bayou, serial_bayou_pond_c,
          serial_bayou_shore_a, serial_bayou_crossing, serial_bayou_shore_b,
          serial_bayou_pond_a, lemuel_old_faithful, infiniplex_staircase_pool
Shoals:1: layout_shoals, serial_shops, bzr_entry_dummy, uniq_roxanne
Shoals:2: layout_shoals, serial_shops, nicolae_shop_mannequins,
          ebering_ghost_rock_garden, nzn_prometheus_bound, uniq_ilsuiw
Shoals:3: layout_shoals, nicolae_splish_splash
Shoals:4: shoals_end_hellmonk_storm_palace [storm_palace_center_ruins,
          storm_palace_corner_narrow, storm_palace_corner_blocked,
          storm_palace_corner_reverse_hut, storm_palace_corner_altar],
          uniq_polyphemus
Spider:1: layout_spider_delve
Spider:2: layout_cave_pods
Spider:3: layout_chambers
Spider:4: grunt_spider_rune_parallel
Slime:1:  layout_caves, basic_altar
Slime:2:  layout_caves, nicolae_slime_round_cave
Slime:3:  layout_caves
Slime:4:  layout_caves, nicolae_slime_getting_an_eyeful
Slime:5:  slime_pit_nicolae_trefoil
Orc:1:    layout_caves, serial_shops, shop, blackcustard_mines_bat_river
Orc:2:    st_orc_elflike, layout_diamond_mine, basic_altar, library_closet
Elf:1:    minmay_elf_arrival_summoners, layout_geoelf_octagon,
          minmay_elf_demonology, due_unseen_surprise
Elf:2:    nicolae_elf_blades_crystal_corner, layout_loops_corners,
          nrook_loot_triangle, nicolae_elf_glassroom_feature
Elf:3:    elf_hall, layout_onion_city, nrook_uturn
Vaults:1: hangedman_surveillance_ring, v_misc_5, vaults_dpeg_cross,
          nicolae_vaults_house_1, ontoclasm_vaults_idyll,
          nicolae_vaults_trapezoid_4, v_misc_15, v_misc_23, vaults_dpeg_doors,
          vaults_dpeg_diagonal, v_misc_8, nicolae_vaults_prndl,
          nicolae_vaults_trapezoid_3, vaults_dpeg_ring, layout_vaults_big_room,
          serial_shops, bzr_entry_road, uniq_asterion, uniq_saint_roka
Vaults:2: nicolae_vaults_variable_pillar_hall_cross, v_misc_8,
          minmay_crypt_entry_nasty_monster, nicolae_vaults_network_quincunx
          [nicolae_vaults_network_quincunx_subvault,
          nicolae_vaults_network_quincunx_subvault,
          nicolae_vaults_network_quincunx_subvault,
          nicolae_vaults_network_quincunx_subvault,
          nicolae_vaults_network_quincunx_subvault], nicolae_vaults_asterisk,
          v_misc_15, nicolae_vaults_little_squares_1, v_misc_18,
          hangedman_vaults_capsules, vaults_room_grid, vaults_dpeg_encased_lava,
          layout_vaults_maze
Vaults:3: nicolae_vaults_closet_pinwheel_5, grunt_vaults_hallway_long,
          nicolae_vaults_house_2, v_rooms_6, vaults_room_hallway, v_misc_13,
          nicolae_vaults_storage_room_statues, nicolae_vaults_border_crossing,
          layout_vaults_omnigrid, uniq_boris
Vaults:4: ontoclasm_vaults_ring_small, nicolae_vaults_ninety_degrees,
          hangedman_vaults_variations, nicolae_vaults_sealed_display,
          ontoclasm_vaults_chip, vaults_room_large_hall,
          nicolae_vaults_disjoint_gnomons, ontoclasm_vaults_fault,
          nicolae_vaults_oval_intersection, nicolae_vaults_surprise_closet,
          nicolae_vaults_trapezoid_1, layout_vaults_big_cross, uniq_frederick,
          uniq_bai_suzhen
Vaults:5
Crypt:1:  layout_gridlike, special_room [special_room_morgue], minivault_11,
          chequers_big_river, serial_library_regret_index_small_wings,
          grunt_crypt_arrival_webbed, uniq_josephina
Crypt:2:  layout_basic
Crypt:3:  due_elkab, layout_chaotic_city
Tomb:1
Tomb:2
Tomb:3:   uniq_khufu
Depths:1: layout_honeycomb, nicolae_hell_entry_hellmouth_sunbeams, serial_shops,
          nicolae_shop_drivethru, xom_confusion_cloud
Depths:2: grunt_double_whammy, layout_basic, serial_shops,
          nicolae_shop_tiny_statue_garden, kennysheep_cross_room, serial_bayou,
          serial_bayou_pond_c, serial_bayou_lake_a, serial_bayou_pond_b,
          serial_bayou_lagoon_b, grunt_pan_entry_in_and_out,
          hangedman_coc_ice_floe, nicolae_gozag_seed_capital, uniq_enchantress
Depths:3: cross_vault, layout_honeycomb, enter_ziggurat_e, hell_entry,
          abyss_entry_small_statue_room, rand_demon_pan_entry_8,
          chequers_serial_rivers_marsh, abandoned_shop,
          minmay_misc_feat_nine_boxes
Depths:4: grunt_x_marks_the_spot, layout_long_grid, hell_entry,
          abyss_entry_glasseish, skrybe_limestone_x, serial_shops, shop,
          serial_library_hellmonk_open_cross
Hell
Dis:1:    layout_regular_city
Dis:2:    layout_subdivisions
Dis:3:    layout_regular_city, lemuel_mystery_crypt
Dis:4:    nicolae_dis_heavy_security, layout_jigsaw, minmay_strange_pillars
Dis:5:    kennysheep_iron_temple, layout_gridville
Dis:6:    nicolae_dis_pentagon_1, layout_regular_city, hangedman_dis_chains
Dis:7:    iron_city_of_dis [dis_old, dis_wall_4], layout_gridville
Geh:1:    layout_gehenna_pools_triple
Geh:2:    layout_gehenna_lava_caves
Geh:3:    layout_gehenna_pools_basic, hangedman_elemental_grid_stream
Geh:4:    layout_gehenna_pools_basic
Geh:5:    layout_gehenna_pools_box
Geh:6:    nicolae_hells_demon_pit, layout_gehenna_pools_basic
Geh:7:    geh_hangedman
Coc:1:    layout_cocytus_water_paths
Coc:2:    layout_ice_bergs
Coc:3:    layout_cocytus_water_paths
Coc:4:    layout_ice_bergs
Coc:5:    layout_cocytus_water_paths
Coc:6:    layout_cocytus_water_paths
Coc:7:    coc_dpeg
Tar:1:    layout_grid_maze, nicolae_tar_windowcombs
Tar:2:    layout_grid_maze, nicolae_tar_cuneiform_heaven
Tar:3:    layout_cathedral_of_symmetry, nicolae_tar_cuneiform_water
Tar:4:    layout_honeycomb, nicolae_tar_spectre_spectrum
Tar:5:    nicolae_tar_honey_stairs, layout_cathedral_of_symmetry,
          nicolae_tar_cuneiform_three
Tar:6:    layout_grid_maze, nicolae_tar_cuneiform_city
Tar:7:    tar_old
Zot:1:    layout_gridville, grunt_ministairs_8
Zot:2:    layout_twisted_circle, skrybe_zot_glass_1, grunt_megastairs_5, uniq_vv
Zot:3:    layout_gridlike
Zot:4:    layout_onion
Zot:5:    layout_gridlike, gammafunk_ghost_tricky_traps

Skill      XL: |  1  2  3  4  5  6  7  8  9 10 11 12 13 14 15 16 17 18 19 20 21 22 23 24 25 26 27 |
---------------+----------------------------------------------------------------------------------+-----
Summonings     | 4 5 6 7 8 9 10 | 10.0
Spellcasting   | 3 4 5 8 9 10 12 13 15 17 23 | 23.8
Fighting       | 2 4 5 6 7 9 10 14 15 18 21 27 | 27.0
Air Magic      | 1 3 5 7 8 10 11 13 20 | 20.2
Fire Magic     | 2 4 7 8 11 13 20 | 20.2
Shields        | 2 5 6 8 10 12 18 | 18.0
Conjurations   | 6 9 10 11 24 | 24.7
Alchemy        | 6 9 10 11 | 11.0
Evocations     | 2 4 5 8 13 | 13.0
Ice Magic      | 1 9 11 15 17 19 21 23 27 | 27.0
Dodging        | 6 10 | 10.0
Shapeshifting  | 5 12 16 | 16.0
Stealth        | |  1.4

Action                     |  1- 3 |  4- 6 |  7- 9 | 10-12 | 13-15 | 16-18 | 19-21 | 22-24 | 25-27 || total
---------------------------+-------+-------+-------+-------+-------+-------+-------+-------+-------++-------
  Melee: Dagger            |    17 |       |    23 |    43 |    42 |       |       |       |       ||   125
         Unarmed           |     2 |       |       |       |       |       |       |       |       ||     2
         Headbutt          |     2 |     3 |     6 |     9 |    17 |     6 |     9 |     9 |    99 ||   160
         Punch             |     1 |       |       |       |       |       |       |       |       ||     1
         Short sword       |       |    14 |       |       |       |       |       |       |       ||    14
         Staff             |       |       |       |       |    21 |    16 |    33 |    27 |   211 ||   308
         Kick              |       |       |       |       |       |       |       |       |   123 ||   123
  Throw: Throwing net      |       |       |       |       |       |       |       |       |     2 ||     2
   Cast: Summon Small Mamm |    32 |    44 |     6 |       |       |       |       |       |       ||    82
         Call Imp          |    17 |    39 |    22 |    63 |    50 |       |       |       |       ||   191
         Call Canine Famil |       |    34 |    24 |    67 |   111 |    38 |       |       |       ||   274
         Summon Lightning  |       |       |    38 |    86 |   158 |    58 |     8 |     1 |     1 ||   350
         Summon Blazeheart |       |       |    10 |    25 |   117 |    55 |     8 |       |       ||   215
         Swiftness         |       |       |       |       |     1 |       |       |       |       ||     1
         Irradiate         |       |       |       |       |    21 |    81 |   122 |    53 |   116 ||   393
         Freezing Cloud    |       |       |       |       |       |   228 |   301 |    80 |     7 ||   616
         Ozocubu's Refrige |       |       |       |       |       |       |       |   283 |   177 ||   460
         Plasma Beam       |       |       |       |       |       |       |       |    87 |   294 ||   381
         Ignition          |       |       |       |       |       |       |       |     2 |    79 ||    81
         Polar Vortex      |       |       |       |       |       |       |       |       |   528 ||   528
         Maxwell's Capacit |       |       |       |       |       |       |       |       |     9 ||     9
         Blink             |       |       |       |       |       |       |       |       |     1 ||     1
 Invoke: Ancestor Identity |       |       |     1 |       |       |       |       |       |       ||     1
         Recall Ancestor   |       |       |       |     1 |     1 |     1 |       |       |    11 ||    14
         Ancestor Life: Ba |       |       |       |     1 |       |       |       |       |       ||     1
  Evoke: Wand              |       |       |       |       |       |     3 |     4 |       |     6 ||    13
         Condenser vane    |       |       |       |       |       |     1 |       |       |     1 ||     2
         Lightning rod     |       |       |       |       |       |       |    10 |     4 |    11 ||    25
         Phial of floods   |       |       |       |       |       |       |     1 |       |     1 ||     2
         Phantom mirror    |       |       |       |       |       |       |       |     1 |       ||     1
    Use: Scroll            |       |     2 |       |    16 |     9 |     7 |     3 |     7 |    49 ||    93
         Potion            |       |       |       |       |     1 |       |     4 |     4 |    34 ||    43
   Stab: Distracted        |       |       |     1 |     3 |     2 |       |     1 |       |       ||     7
         Invisible         |       |       |       |       |       |       |     1 |       |       ||     1
 Armour: Robe              |    28 |    33 |    58 |   128 |   287 |   302 |   279 |       |       ||  1115
         Skin              |       |       |       |       |       |       |   269 |   598 |  2595 ||  3462
  Dodge: Dodged            |    19 |    14 |    22 |    52 |    91 |    90 |   175 |   177 |   720 ||  1360
  Block: Kite shield       |       |       |       |    49 |   128 |   208 |   237 |   223 |  1595 ||  2440
         Reflection        |       |       |       |       |       |    12 |       |       |       ||    12
   Form: Statue            |       |       |       |       |       |       |     1 |       |       ||     1
